Workbook

Sheet Formato oferta
A2: N.º | B2: DESCRIPCIÓN | C2: UND. | D2: VALOR UNITARIO
A3: 1.0 | B3: Cubiertas Planas
A4: 1.1 | B4: Actividades Preliminares a la ejecución
A5: 1.1.1 | B5: Localización y replanteo de cubierta incluye Levantamiento topográfico general, ubicación de desagües y verificación de pendientes. | C5: m2 | D5: =+'APU-1.1.1'!G47 -> 3779
A6: 1.1.2 | B6: Suministro e instalación de Punto de anclaje en acero inoxidable, con certificación según normatividad vigente | C6: und | D6: =+'APU-1.1.2'!G46 -> 349192
A7: 1.1.3 | B7: Suministro e instalación de escalera tipo gato con guarda persona incluye soporte vertical y pasos en tubo circular estructural de 1 1/2” de 2,5 mm, con varilla de 5/8" para amarre de vida con eslinga y guarda persona en platina de 1 1/2 x 1/4", anclajes cada metro en chazo de 3/8", pintura y anticorrosivo en todos sus elementos según diseño | C7: m | D7: =+'APU-1.1.3'!G49 -> 567179
A8: 1.2 | B8: Actividades de ejecución
A9: 1.2.1 | B9: Limpieza con detergente alcalino e hidro lavado, retiro de material suelto (Manual o mecánico) en la terraza hasta encontrar suelo apto para la instalación del material imprimante, incluye mano de obra, herramienta y transporte necesarios para la correcta ejecución de la actividad y disposición final de los residuos resultantes de esta. | C9: m2 | D9: =+'APU-1.2.1'!G46 -> 16804
A10: 1.2.2 | B10: Limpieza de drenajes y bajantes de agua lluvia desde la cubierta hasta los colectores del primer piso, incluye mano de obra, herramienta y demás materiales necesarios para su correcta ejecución de la actividad y disposición final de los residuos resultantes de esta. | C10: m | D10: =+'APU-1.2.2'!G45 -> 15834
A11: 1.2.3 | B11: Mejoramiento del pendientado en puntos localizados, mediante la instalación de manto foil o similar de 3,6mm | C11: m2 | D11: =+'APU-1.2.3'!G45 -> 68304
A12: 1.2.4 | B12: Impermeabilización de cubiertas con membrana sintética de PVC de 1,5 mm | C12: m2 | D12: =+'APU-1.2.4'!G48 -> 157881.86
A13: 1.2.5 | B13: Suministro e instalación de sosco metálico tipo cúpula de hasta 4" en sifones de bajantes (incluye desmonte) | C13: und | D13: =+'APU-1.2.5'!G45 -> 56140
A14: 1.2.6 | B14: Suministro e instalación de Baldosa de caucho tipo EasyBaldosa Flex en piezas de 50x50cm para sendero transitable en áreas de terraza | C14: m | D14: =+'APU-1.2.6'!G45 -> 139161
A15: 1.2.7 | B15: Resane y pintura epóxica con alta resistencia a la radiación bajo placa. incluye material, herramienta y mano de obra necesaria para la correcta ejecución de la actividad. | C15: m2 | D15: =+'APU-1.2.7'!G45 -> 86211
A16: 1.3 | B16: Actividades Complementarias
A17: 1.3.1 | B17: Aseo general y entrega | C17: m2 | D17: =+'APU-1.3.1-'!G45 -> 3378
A18: 2.0 | B18: Cubiertas Livianas
A19: 2.1 | B19: Actividades Preliminares a la ejecución
A20: 2.1.1 | B20: =+B5 -> Localización y replanteo de cubierta incluye Levantamiento topográfico general, ubicación de desagües y verificación de pendientes. | C20: =+C5 -> m2 | D20: =+'APU-2.1.1'!G45 -> 3779
A21: 2.1.2 | B21: =+B6 -> Suministro e instalación de Punto de anclaje en acero inoxidable, con certificación según normatividad vigente | C21: =+C6 -> und | D21: =+'APU-2.1.2'!G45 -> 349192
A22: 2.2 | B22: Actividades de desmontes-retiros-demoliciones y relacionadas
A23: 2.2.1 | B23: Desmonte de canales y bajantes incluye material, disposición final, herramienta y mano de obra necesaria para la correcta ejecución de la actividad. | C23: m | D23: =+'APU-2.2.1'!G45 -> 25979
A24: 2.2.2 | B24: Desmonte y disposición final de flanche existente incluye material, herramienta y mano de obra necesaria para la correcta ejecución de la actividad. | C24: m | D24: =+'APU-2.2.2'!G45 -> 18289
A25: 2.2.3 | B25: Desmonte de cubierta existente y disposición final, incluye material, herramienta y mano de obra necesaria para la correcta ejecución de la actividad. | C25: m2 | D25: =+'APU-2.2.3'!G45 -> 42997
A26: 2.2.4 | B26: Desmonte de cielo raso existente, estructura, luminarias y aparatos eléctricos adosados, incluye retiro, disposición final, material, herramienta y mano de obra necesaria para la correcta ejecución de la actividad. | C26: m2 | D26: =+'APU-2.2.4'!G45 -> 45178
A27: 2.3 | B27: Actividades de ejecución
A28: 2.3.1 | B28: Mantenimiento de la estructura de la cubierta, incluye limpieza de las cerchas y pintura, incluye material, herramienta y mano de obra necesaria para la correcta ejecución de la actividad. | C28: m | D28: =+'APU-2.3.1'!G45 -> 19181
A29: 2.3.2 | B29: Suministro e instalación de perfilería metálica para estructura de cubierta. Dimensiones y calibres según requiera. Incluye andamio certificado, anticorrosivo, equipo, herramienta, materiales y todo lo demás necesario para su correcta ejecución | C29: Kg | D29: =+'APU-2.3.2'!G45 -> 18230
A30: 2.3.3 | B30: Limpieza y mantenimiento de la canal en concreto, incluye impermeabilización, herramienta y mano de obra necesaria para la correcta ejecución de la actividad. | C30: m | D30: =+'APU-2.3.3'!G45 -> 113666
A31: 2.3.6 | B31: Suministro e instalación de encorozado para cubiertas en mortero 1:4 impermeabilizado, incluye material, herramienta y mano de obra necesaria para la correcta ejecución de la actividad. | C31: m | D31: =+'APU-2.3.6'!G45 -> 31408
A32: 2.3.7 | B32: Resane y pintura acrílica para muros en interior y exterior. incluye material, herramienta y mano de obra necesaria para la correcta ejecución de la actividad. | C32: m2 | D32: =+'APU-2.3.7'!G45 -> 31440
A33: 2.3.8 | B33: Suministro e instalación de bajantes PVC de 4" incluye material, herramienta y mano de obra necesaria para la correcta ejecución de la actividad. | C33: m | D33: =+'APU-2.3.8'!G45 -> 87687
A34: 2.3.10 | B34: Suministro e instalación de Flanche en lámina calibre 26 con fijación a muro, incluye material, herramienta y mano de obra necesaria para la correcta ejecución de la actividad. | C34: m | D34: =+'APU-2.3.10'!G45 -> 81502
A35: 2.3.11 | B35: Suministro e instalación de cubierta en policarbonato alveolar de 10 mm color a definir. Esta actividad incluye el suministro e instalación de la estructura metálica de soporte, amarres, ganchos, alambre, material, flanches, herramienta y mano de obra necesaria para la correcta ejecución de la actividad. | C35: m2 | D35: =+'APU-2.3.11'!G45 -> 169676
A36: 2.3.12 | B36: Suministro e instalación de cubierta termoacústica Ecowall 27 UPVC 2.0 mm blanco 1.13 m x 11.80 m, incluye sus respectivos elementos de instalación. | C36: m2 | D36: =+'APU-2.3.12'!G46 -> 104525
A37: 2.4 | B37: Actividades Complementarias
A38: 2.4.1 | B38: Aseo general y entrega | C38: m2 | D38: =+'APU-2.4.1'!G47 -> 3378

Sheet Factor Prestacional
C10: LIT | D10: FACTOR | H10: BASE | I10: PARCIAL | J10: VALOR (%)
C12: A. | D12: VALOR BASE | J12: 1
C14: B. | D14: PRESTACIONES SOCIALES | J14: =SUM(I15:I28) -> 0.72813333
D15: B.1. | E15: Cesantías | H15: A/12 | I15: =+$J$12/12 -> 0.083333333
D16: B.2. | E16: Intereses sobre cesantías | H16: A*1% | I16: =$J$12*1% -> 0.01
D17: B.3. | E17: Prima anual | H17: A/12 | I17: =$J$12/12 -> 0.083333333
D18: B.4. | E18: Caja de compensación | H18: A*4% | I18: =$J$12*4% -> 0.04
D19: B.5. | E19: SENA | H19: A*2% | I19: =$J$12*2% -> 0.02
D20: B.6. | E20: ICBF | H20: A*3% | I20: =$J$12*3% -> 0.03
D21: B.7. | E21: Seguridad Social - Salud | H21: A*8,5% | I21: =$J$12*8.5% -> 0.085
D22: B.8. | E22: Seguridad Social - Pensión | H22: A*12% | I22: =$J$12*12% -> 0.12
D23: B.9. | E23: ARP Personal en Obra | H23: A*6,96% | I23: =$J$12*6.96% -> 0.0696
D24: B.10. | E24: ARP Personal en Oficina | H24: A*0,52% | I24: =$J$12*0.52% -> 0.0052
D25: B.11. | E25: Vacaciones | H25: A/24 | I25: =$J$12/24 -> 0.041666667
D26: B.12. | E26: Ausencias justificadas | H26: A* % | I26: =$J$12*1% -> 0.01
D27: B.14. | E27: Indemnizaciones | H27: A* % | I27: =$J$12*1% -> 0.01
D28: B.15. | E28: Dotaciones | H28: A* % | I28: =$J$12*12% -> 0.12
C31: D. | E31: SUBTOTAL | J31: =SUM(J11:J30) -> 1.7281333
D34: FACTOR PRESTACIONAL FINAL | J34: =+J31 -> 1.7281333
B39: SALARIO | C39: PRESTACIONES SOCIALES | F39: SEGURIDAD SOCIAL A CARGO DEL EMPLEADOR | I39: APORTES PARAFISCALES | L39: DOTACION | O39: TOTAL SALARIO
B40: 1423500 | C40: ITEM | D40: OBLIGACION | E40: % | F40: ITEM | G40: OBLIGACION | H40: % | I40: ITEM | J40: OBLIGACION | K40: % | L40: ITEM | M40: OBLIGACION | N40: %
C41: PRIMA | D41: 1 smmlv/año | E41: 0.0833 | F41: SALUD | H41: 0.085 | I41: CAJA DE COMPENSACION | K41: 0.04 | L41: DOTACIONES | N41: 0.12 | O41: =B40+D45+G45+J45+M45 -> 1423500
C42: CESANTIAS | D42: 1 smmlv/año | E42: 0.0833 | F42: PENSION | H42: 0.12 | I42: ICBF | K42: 0.03
C43: INTERESES DE CESANTIAS | D43: 12% año | E43: 0.01 | F43: RIESGO | G43: CATEGORIA I | H43: 0.00522 | I43: SENA | K43: 0.02 | O43: RECIBO DE EMPLEADO
C44: VACACIONES | D44: 15 días hábiles | E44: 0.0416 | G44: CATEGORIA V
D45: =($B$2*E41)+($B$2*E42)+($B$2*E43)+($B$2*E44) -> 0 | G45: =($B$2*H41)+($B$2*H42)+($B$2*H43)+($B$2*H44) -> 0 | J45: =($B$2*K41)+($B$2*K42)+($B$2*K43)+($B$2*K44) -> 0 | M45: =($B$2*N41)+($B$2*N42)+($B$2*N43)+($B$2*N44) -> 0 | O45: =B40-G45 -> 1423500
B48: Cesantías | C48: =+E42 -> 0.0833
B49: Intereses sobre cesantías | C49: =+E43 -> 0.01
B50: Prima anual | C50: =+E41 -> 0.0833
B51: Caja de compensación | C51: =+K41 -> 0.04
B52: SENA | C52: =+K43 -> 0.02
B53: ICBF | C53: =+K42 -> 0.03
B54: Seguridad Social - Salud | C54: =+H41 -> 0.085
B55: Seguridad Social - Pensión | C55: =+H42 -> 0.12
B56: ARP Personal en Obra | C56: 0.0696
B57: ARP Personal en Oficina | C57: =+H43 -> 0.00522
B58: Vacaciones | C58: 0.0417
B59: Ausencias justificadas | C59: 0.01
B60: Indemnizaciones | C60: 0.01
B61: Dotaciones | C61: =+N41 -> 0.12
B63: TOTAL | C63: =SUM(C48:C62) -> 0.72812

Sheet M.O
A1: SALARIO MMLV 2025 INC.AUX.TRANS. | B1: 1623500 | C1: https://www.mintrabajo.gov.co/presidente-decreto-salario-minimo-para-2025-quedo-en-1.623.500-incluido-auxilio-de-transporte
A2: FACTOR PRESTACIONAL | B2: =+'Factor Prestacional'!J34 -> 1.7281333
A3: VALOR MES | B3: =ROUND((B1*B2),0) -> 2805624
A4: VALOR DIA | B4: =ROUND((B3/24),0) -> 116901
A5: VALOR HORA | B5: =ROUND((B4/8),0) -> 14613
A7: Mano de obra | B7: Unidad de Medida | C7: Vr. Unitario2 | D7: SMMLV | F7: Mano de Obra | G7: Unidad de Medida | H7: SMMLV Relativo | I7: Valor Unitario (hh)
A8: AUXILIAR DE OBRA (B) | B8: hh | C8: =ROUND($B$5*M.O!$D8,0) -> 14613 | D8: 1 | F8: AUXILIAR DE OBRA (B) | G8: hh | H8: 1 | I8: 14613
A9: OFICIAL OBRA (A) | B9: hh | C9: =ROUND($B$5*M.O!$D9,0) -> 24842 | D9: 1.7 | F9: AUXILIAR DE OBRA (A) | G9: hh | H9: 1.1 | I9: 16074
A10: AUXILIAR DE OBRA (A) | B10: jr | C10: =ROUND($B$5*M.O!$D10,0) -> 16074 | D10: 1.1 | F10: OFICIAL DE OBRA (A) | G10: hh | H10: 1.85 | I10: 27035
A11: COMISION TOPOGRAFICA | B11: hh | C11: =ROUND($B$5*M.O!$D11,0) -> 73065 | D11: 5 | F11: COMISIÓN TOPOGRÁFICA | G11: hh | H11: 5 | I11: 73065
A12: AUXILIAR DE PINTURA 1 (C) | B12: hh | C12: =ROUND($B$5*M.O!$D12,0) -> 16074 | D12: 1.1 | F12: AUXILIAR DE PINTURA 1 (C) | G12: hh | H12: 1.1 | I12: 16074
A13: OFICIAL DE PINTURA (C) | B13: hh | C13: =ROUND($B$5*M.O!$D13,0) -> 27765 | D13: 1.9 | F13: OFICIAL DE PINTURA (C) | G13: hh | H13: 1.9 | I13: 27765
A14: CARPINTERO(D) | B14: hh | C14: =ROUND($B$5*M.O!$D14,0) -> 29226 | D14: 2 | F14: CARPINTERO (D) | G14: hh | H14: 2 | I14: 29226
A15: AYUDANTE CARPINTERIA(D) | B15: hh | C15: =ROUND($B$5*M.O!$D15,0) -> 17536 | D15: 1.2 | F15: AYUDANTE CARPINTERÍA (D) | G15: hh | H15: 1.2 | I15: 17536
A16: AUXILIAR DE INSTALACIONES 1 | B16: hh | C16: =ROUND($B$5*M.O!$D16,0) -> 15344 | D16: 1.05 | F16: MAESTRO DE OBRA | G16: hh | H16: 2.1 | I16: 30688
A17: OFICIAL INSTALACIONES (B) | B17: hh | C17: =ROUND($B$5*M.O!$D17,0) -> 26303 | D17: 1.8 | F17: RESIDENTE DE OBRA | G17: hh | H17: 3.2 | I17: 46762
A18: CUADRILLA ORNAMENTACION | B18: hh | C18: =ROUND($B$5*M.O!$D18,0) -> 116904 | D18: 8 | F18: AYUDANTE GENERAL | G18: hh | H18: 1 | I18: 14613
F19: OFICIAL SANITARIO | G19: hh | H19: 1.8 | I19: 26303
F20: OBRERO DEMOLICIÓN/DESMONTE | G20: hh | H20: 1.6 | I20: 23381

Sheet Equipo
A1: DESCRIPCION | B1: UNIDAD | C1: VALOR | D1: Valor Hora | E1: Enlace de consulta-referencia | F1: Columna1
A2: VIBRADOR DE CONCRETO | B2: dd | C2: 36900 | E2: https://www.homecenter.com.co/homecenter-co/product/61021/alquiler-vibrador-para-concreto-gasolina/61021/
A3: ANDAMIO TUBULAR NORMALIZADO, TIPO MULTIDIRECCIONAL, DE ACERO GALVANIZADO EN CALIENTE, SEGÚN ISO 9001.GALVANIZADO EN CALIENTE, SEGÚN ISO 9S0E0C1C. | B3: dd | C3: =1775442.73/30 -> 59181.424 | E3: http://www.colombia.generadordeprecios.info/rehabilitacion/Actuaciones_previas/Andamios_y_maquinaria_de_elevacion/Andamios/Alquiler_de_andamio_tubular_de_volumen.html
A4: PARAL LARGO Y CORTO | B4: dd | C4: =48000/30 -> 1600 | E4: https://listado.mercadolibre.com.co/herramientas-construccion/construccion/nuevo/alquiler-de-parales-metalicos
A5: VIBROCOMPACTADOR RANA | B5: dd | C5: 35000 | D5: =C5/8 -> 4375 | E5: https://www.homecenter.com.co/homecenter-co/product/181960/alquiler-rana-diesel-vibro-compactador/181960/
A6: Retroescabadora | B6: hr | C6: 81170 | E6: http://www.colombia.generadordeprecios.info/espacios_urbanos/Acondicionamiento_del_terreno/AC_Movimiento_de_tierras_en_obra_/Excavaciones/ACE015_Excavacion_de_tierras_a_cielo_abier.html
A7: Carrotanque | B7: hr | C7: 74712
A8: Herrramienta y Equipo Menor(% M.O) | B8: % | C8: 5589.77
A9: - | B9: -
A10: Demoledora eléctrica o martillo eléctrico tipo Hilti TE 3000-AVR o similar. | B10: dd | C10: 180000 | E10: idu
A11: Pulidora Makita M0901B | B11: dd | C11: 31500 | E11: https://akirento.com/product/pulidora-makita/
A12: Vibrador de aguja eléctrico | B12: dd | C12: 60000 | E12: Rentaequipos
A13: EQUIPO DE SOLDADURA 400 | B13: hr | C13: 17982 | E13: GB
A14: EQUIPO DE TOPOGRAFÍA (ESTACION,NIVEL Y ELEMENTOS) | B14: hr | C14: 7428 | E14: GB | F14: https://www.soluciontopografia.com/alquiler-de-equipos-de-topografia-gps-centimetrico-estacion-total-precios-y-tarifa
A15: Prueba con equipo certificado para validar resistencia | B15: hr | C15: 58783
A16: Elementos de seguridad en alturas | B16: Día | C16: 35000
A17: Soplete a gas - Incluye pipeta para combustón | B17: Día | C17: 34000
A18: PLUMA GRÚA PARA TRASIEGO VERTICAL HACIA CUBIERTA | B18: m2 | C18: 4916
A19: TALADRO PERCUTOR HILTI-MAQUITA o similar | B19: día | C19: 50970
A20: Pistola de calor | B20: día | C20: 15600 | E20: https://arcomaquinarias.com/catalogo/alquiler/pistola-de-calor-77
A21: Hidrolavadora motor a combustion - Caudal 8 - 13 l/min, incluye combustible | B21: hr | C21: 20000
A22: Compresor de pintura | B22: dd | C22: 90792

Sheet Transporte
A1: DESCRIPCION | B1: UNIDAD | C1: VALOR | D1: VALOR POR M3-KM | E1: Enlace de consulta-referencia
A2: Trasnsporte de material (volqueta sencilla acarreo) | B2: m3-km | C2: 1850
A3: - | B3: -
A4: Disposición de Escombros limpios estrato 4 | B4: m3-km | C4: 112000 | E4: https://www.bogotalimpia.com/servicios-especiales-2/
A5: Disposición de reciduos metalicos | B5: Kg | C5: 850 | E5: https://cigreenmetal.com/producto/gm-sub-2025-001-02-chatarra-de-hierro-02/
A6: Transporte liviano urbano (camioneta tipo NHR) | B6: m3-km | C6: 1500 | E6: https://www.idu.gov.co/page/siipviales/economico/portafolio

Sheet Materiales
A1: DESCRIPCION | B1: UNIDAD | C1: PRECIO | D1: Enlace de consulta
A2: MADERA DURMIENTE ORD 4*4 | B2: m | C2: 2300
A3: PUNTILLA CON Y SIN CABEZA 1 | B3: lb | C3: 4699
A4: - | B4: -
A5: TAPON SOLDADO CPVC 1/2`` | B5: und | C5: 1575 | D5: https://mitiendacoval.com/presion-agua-caliente/tapon-cpvc-soldado-media-pulgada?srsltid=AfmBOorHiLqvMcBuHvWDifpujpueciRZAY4tEszeT-5TFb06JI3tBwcO
A6: LIMPIADOR 1/4 PVC | B6: gl | C6: 52073 | D6: https://mitiendacoval.com/soldaduras-y-limpiadores-/limpiador-removedor-pvc-760-gramos--1-4-galon-gerfor?srsltid=AfmBOopbRmlYhLxK2p84eKnDLacHU8OijZR6gM7h7QSSEOVhLWp7i5WP
A7: SOLDADURA LIQUIDA PVC 1/4`` | B7: gl | C7: 108107 | D7: https://mitiendacoval.com/presion-agua-fria/tapon-soldado-3-4-presion-gerfor?srsltid=AfmBOopTCR6vhTUDu7jIqDE_qQYpESLn5wuY1Fep5B_niLdKg6WPlUsY
A8: Tapón Soldado Pvc Presión de 3 " Gerfor | B8: und | C8: 29414 | D8: https://mitiendacoval.com/presion-agua-fria/tapon-soldado-3-4-presion-gerfor?srsltid=AfmBOopTCR6vhTUDu7jIqDE_qQYpESLn5wuY1Fep5B_niLdKg6WPlUsY
A9: Tapón Soldado Pvc Presión de 4" Gerfor | B9: und | C9: 53808 | D9: https://mitiendacoval.com/presion-agua-fria/tapon-soldado-4-presion?srsltid=AfmBOorhXb4IU5oSGxwbOn51aCNOVbkhlRKoUIfEglplgYqvcCrvd3jh
A10: Tapón de Prueba 2 Sanitaria | B10: und | C10: 1290 | D10: https://www.homecenter.com.co/homecenter-co/product/117554/tapon-de-prueba-2-sanitaria/117554/
A11: Tapón De Prueba 4 Sanitaria | B11: und | C11: 3500 | D11: https://www.homecenter.com.co/homecenter-co/product/17496/tapon-de-prueba-4-sanitaria/17496/
A12: Sikadur Anchorfix-4 Adhesivo De Anclaje De Varillas Y Pernos 600ml | B12: und | C12: 123900 | D12: https://www.homecenter.com.co/homecenter-co/product/21148/sikadur-anchorfix-4-adhesivo-de-anclaje-de-varillas-y-pernos-600ml/21148/
A13: Varilla corrugada de acero de 1/2” x 12 cm | B13: und | C13: 3500
A14: Broca SDS Plus de 1/2” | B14: und | C14: 32000
A15: ALAMBRE NEGRO NO. 18 | B15: kg | C15: 6900 | D15: https://www.comaderas.com/alambre-negro-calibre-18
A16: ACERO 60000 PSI | B16: kg | C16: 4800 | D16: https://www.pazdelrio.com.co/
A17: SEGUETA | B17: und | C17: 3844
A18: Concreto 3000 PSI premezclado | B18: m3 | C18: 430000 | D18: holcim
A19: Formaleta metálica | B19: dd | C19: 6000 | D19: idu
A20: Clavos y alambre (fijaciones mínimas) | B20: kg | C20: 7200 | D20: homcenter
A21: Desmoldante | B21: Litro | C21: 8000 | D21: sika
A22: Bloque No. 5 | B22: und | C22: 1400 | D22: homecenter
A23: Mortero 1:3 | B23: m3 | C23: 536021 | D23: https://geztio.co/es-la/upa/co/Mortero-1:3
A24: Arena de peña | B24: m3 | D24: https://geztio.co/es-la/upa/co/Mortero-1:3
A25: Cemento gris | B25: kg | C25: 927 | D25: GB
A26: Agua | B26: Litro | C26: 4 | D26: GB
A27: Sika 1 | B27: Litro | C27: 22975 | D27: https://www.homecenter.com.co/homecenter-co/product/00423/sika-1-aditivo-impermeabilizante-para-morteros-4kg/00423/?kid=goosho_1246419&shop=googleShopping&gad_source=1&gbraid=0AAAAADt6wnov7kWXMeBI8DxV9oJqGtZkO&gclid=CjwKCAjw--K_BhB5EiwAuwYoyp7bok2TW7UqVMC_fZMdyVP_Lukwh-nw38OSiK2I-EbCkviSuXItZxoCd60QAvD_BwE
A28: Yeso Corriente | B28: Kg | C28: 2580 | D28: https://www.homecenter.com.co/homecenter-co/product/74471/yeso-5-kilos-maravilla/74471/
A29: Lija | B29: und | C29: 1500 | D29: https://www.homecenter.com.co/homecenter-co/product/15745/lija-de-agua-180/15745/
A30: Vinilo tipo I | B30: gl | C30: 134900 | D30: https://www.homecenter.com.co/homecenter-co/product/320518/pintura-para-interior-banos-y-cocinas-blanco-mate-1-galon/320518/?kid=goosho_1246419&shop=googleShopping&gad_source=1&gbraid=0AAAAADt6wnov7kWXMeBI8DxV9oJqGtZkO&gclid=CjwKCAjw--K_BhB5EiwAuwYoyl2LK9xBMjtIlimZwyvxAMIOdBmvN_GZ3ONp-6Dsq6Kv6jCfYQnR8hoCascQAvD_BwE
A31: Caolin | B31: kg | C31: 1236 | D31: https://www.homecenter.com.co/homecenter-co/product/300538/caolin-25kg/300538/
A32: Pintura Esmalte sintetico tipo II | B32: gl | C32: 80600 | D32: https://pintuland.com.co/product/esmalte-sintetico-para-metal/
A33: Disolvente Thiner | B33: gl | C33: 36900 | D33: https://www.homecenter.com.co/homecenter-co/product/67286/thinner-comun-galon/67286/
A34: Barniz tapa poro | B34: gl | C34: 58565 | D34: GB
A35: Placa base en concreto e=10cm 2500 PSI | B35: m2 | C35: 82398.3 | D35: GB
A36: Ladrillo Tolete comun 6X12X25 | B36: und | C36: 800 | D36: https://www.homecenter.com.co/homecenter-co/product/233397/ladrillo-tolete-comun-6x12x25cm-35k/233397/
... A58: Unión 2 Sanitaria | B58: und | C58: 1650 | D58: https://www.homecenter.com.co/homecenter-co/product/04612/union-2-sanitaria/04612/
A59: Tuberia Ventilación PVC PAVCO | B59: m | C59: =86522/6 -> 14420.333 | D59: https://www.ffsoluciones.com/products/tuberia-ventilacion-pvc-pavco?srsltid=AfmBOorOmEAdSrF6MyKNvX62QSRPFgUhVkDDuHyLD4vi7t81_rG4L94c&variant=38068774600900
A60: Yee Reducida 4x3 Sanitaria | B60: und | C60: 23900 | D60: https://www.homecenter.com.co/homecenter-co/product/122262/yee-reducida-4x3-sanitaria/122262/
A61: Porcelanato para muros 30x60 | B61: m2 | C61: 67355 | D61: https://corona.co/productos/revestimientos/pisos/piso-porcelanato-rectificado-west-ard-caras-diferenciadas-30x60/p/608702221
A62: Porcelanato para piso 60x60 | B62: m2 | C62: 49900 | D62: https://www.homecenter.com.co/homecenter-co/product/891940/gres-porcelanico-concret-gris-60x60cm-caja-144-m2-holztek/891940/?kid=goosho_1161562&shop=googleShopping&gad_source=1&gbraid=0AAAAADt6wnqf0UwnPzpELFaxmGFJDP0tb&gclid=Cj0KCQjwqv2_BhC0ARIsAFb5Ac_HZIEfInoYNrU-3xYzsZm8LrZgLGg6Riw704WN5WpaX31QEU6KuPYaAkh-EALw_wcB
A63: Pegacor Cerámico | B63: kg | C63: 1436 | D63: https://www.homecenter.com.co/homecenter-co/product/298882/pegacor-ceramico-gris-25-kilos-corona/298882/
A64: Cemento Blanco | B64: kg | C64: 3650 | D64: https://www.homecenter.com.co/homecenter-co/product/263664/cemento-topex-blanco-2kg/263664/
A65: Set Rejilla Sosco Sifon Plast. de 3" x 2" | B65: und | C65: 7000 | D65: https://www.homecenter.com.co/homecenter-co/product/696430/set-rejilla-sosco-sifon-plast-de-3-x-2-3-unds/696430/
A66: Win en Aluminio Plata Brillo 2,5m | B66: m | C66: =23900/2.5 -> 9560 | D66: https://www.homecenter.com.co/homecenter-co/product/455618/win-en-aluminio-plata-brillo-25-metros/455618/
A67: Pirlan de transicion incluye sistema de fijación | B67: m | C67: =95000/2.7 -> 35185.185 | D67: https://tiendadelarquitecto.com/producto/perfil-rampa-embebida-aluminio-5mm-x-2-7mt-matt-silver/
A68: Espejo de 5mm-Flotado-bicelado | B68: m2 | C68: 130000 | D68: https://elrusoshop.com/producto/espejo-de-5mm/
A69: Tornillo 6x1 | B69: und | C69: 30 | D69: https://www.homecenter.com.co/homecenter-co/product/61522/tornillo-panel-drywall-pta-aguda-6x1-100-und-fixser/61522/
A70: Tormillo largo para lamina cabeza de lenteja | B70: und | C70: 34 | D70: https://www.homecenter.com.co/homecenter-co/product/70610/tornillo-cabeza-lenteja-estructura-fibrocemento-pta-aguda-8x1-2-100un/70610/
A71: Angulo perimetral de 1x1 cal 26 | B71: und | C71: 18445 | D71: GB
A72: Vigueta en aluminio cal 26 | B72: und | C72: =1842.21*2.44 -> 4494.9924 | D72: https://www.homecenter.com.co/homecenter-co/product/340813/vigueta-calibre-26-x-244-mt-paquete-x-20-unidades/340813/
A73: cinta malla | B73: m | C73: 148.67 | D73: https://www.homecenter.com.co/homecenter-co/product/545989/propack-cinta-malla-sellapanel-2x150-metros/545989/
A74: Placa Fibrocemento 8mm 244x122cm 35.48kg aprox. Eterboard | B74: und | C74: 74000 | D74: https://www.homecenter.com.co/homecenter-co/product/21443/placa-fibrocemento-8mm-244x122cm-3548kg-aprox-eterboard/21443/
A75: Masilla Supermastick Plus 4.5gal 28kg | B75: und | C75: 61900 | D75: https://www.homecenter.com.co/homecenter-co/product/51755/masilla-supermastick-plus-45gal-28kg/51755/
A76: Omega en Aluminio cal 26 | B76: und | C76: =1850.82*2.44 -> 4516.0008 | D76: https://www.homecenter.com.co/homecenter-co/product/340814/omega-con-reborde-calibre-26-x-244-mt-paquete-x-25-unidades/340814/
A77: DIVISION PARA BATERIA SANITARIA EN ACERO INOXIDABLE CALIBRE 20 REF. 304 ACABADO SATINADO. | B77: m2 | C77: 761600 | D77: https://guinovart.com.co/producto/divisiones-para-banos/?srsltid=AfmBOoo858f4Z1MMYKMF4_JfBWbCFnS4-TcEfXiczInekLMT1WZMM02A
A78: PUERTA Y MARCO EN ALUMINIO INCLUYE CERRADURA Y VIDRIO, SEGÚN DISEÑO | B78: M2 | C78: =375486+77741.52 -> 453227.52 | D78: GB
A79: Ventana en aluminio | B79: m2 | C79: =136990*1.4 -> 191786 | D79: https://sodimac.falabella.com/sodimac-cl/product/110296229/Ventana-aluminio-60x60-cm-monolitico-mate-proyectante/110296238
A80: MARCO Y PUERTA BATIENTE PARA PERSONAS CON DISCAPACIDAD, SEGÚN ESPECIFICACIONES Y DISEÑO | B80: m2 | C80: 1500000 | D80: Por cotizar
A81: Puerta en madera 90x200 | B81: und | C81: 209900 | D81: https://www.homecenter.com.co/homecenter-co/product/403429/puerta-wengue-clasico-90x200-cm/403430/
A82: Tornillo madera 8x2 | B82: und | C82: 149 | D82: https://www.homecenter.com.co/homecenter-co/product/76300/tornillo-cabeza-lenteja-madera-autoperforante-8x2-100un/76300/
A83: Bisagra comun 3" | B83: und | C83: 45500 | D83: https://www.electricoslacabalgata.com/products/bisagra-comun-induma-latonada-3-1-2
A84: Pegante para madera | B84: gl | C84: 105900 | D84: https://www.homecenter.com.co/homecenter-co/product/459707/pegante-pl285-madera-1-galon/459707/
A85: LAVAMANOS DE PEDESTAL INCLUYE ACCESORIOS DE INSTALACIÓN Y GRIFERÍA AHORRADORA E INCRUSTACIONES | B85: und | C85: 795900 | D85: https://corona.co/productos/sanitarios/combos-sanitarios/combo-ecoclean-single-ii-negro-sanitario-con-taza-alongada-lavamanos-con-pedestal-griferia-y-accesorios/p/501251001
A86: LAVAMANOS EN FIBRA DE VIDRIO/POLICUARZO O SIMILAR SEGÚN DISEÑO INCLUYE ACCESORIOS Y GRIFERÍA AHORRADORA | B86: m | C86: 250000 | D86: Por cotizar
A87: kit Orinal Ahorrador de Porcelana Grifería Push Blanco | B87: und | C87: 305900 | D87: https://www.homecenter.com.co/homecenter-co/product/390370/kit-orinal-ahorrador-de-porcelana-griferia-push-blanco/390370/
A88: Sanitario Fluxómetro Institucional de Bajo Consumo 4.8lt | B88: und | C88: 639900 | D88: https://www.homecenter.com.co/homecenter-co/product/468854/sanitario-fluxometro-institucional-de-bajo-consumo-48lt/468854/
A89: Kit Válvula de Pedal Grifería | B89: und | C89: 279900 | D89: https://homecenter.falabella.com.co/homecenter-co/product/118638523/Kit-Valvula-de-Pedal-Griferia-Industrial-Manos-Libres/118638537?rid=Recs%21PDP%21CO_F.com%21Rec2%21Misma_Marca%21Vistos_Juntos_Misma_Marca%21118170249%21118638537%211%2117
A90: sanitario discapacitados | B90: und | C90: 1226200 | D90: https://corona.co/productos/sanitarios/sanitarios-individuales/sanitario-ultra-ahorrador-powermax-blanco/p/O20801001
A91: Lavamanos discapacitados | B91: und | C91: 467820 | D91: https://corona.co/productos/lavamanos/lavamanos-aquajet-institucional/p/O12911001
... A97: SENSOR D EMOVIMIENTO 360° | B97: und | C97: 61743 | D97: GB
A98: CABLE CALIBRE 10 AWG (LIBRE DE HALÓGENO) | B98: m | C98: =217500/50 -> 4350 | D98: https://interelectricas.com.co/alambres-y-cables/2489-cable-de-cobre-aislado-no-10-awg-metro-libre-de-halogenos-color-negro.html
A99: CABLE CALIBRE 12 AWG (LIBRE DE HALÓGENO) | B99: m | C99: =142500/50 -> 2850 | D99: https://interelectricas.com.co/alambres-y-cables/2499-cable-de-cobre-aislado-no-12-awg-metro-libre-de-halogenos-color-amarillo.html
A100: TUBERÍA METÁLICA EMT CONDUIT GALVANIZADA DE 3/4" | B100: m | C100: 27087 | D100: GB
A101: CINTA NARANJA PARA IDENTIFICACIÓN DE DUCTO ELÉCTRICO METÁLICO | B101: m | C101: 630 | D101: GB
A102: ABRAZADERA METÁLICA DOBLE ALA DE 3/4" | B102: und | C102: 880 | D102: GB
A103: UNIÓN PARA TUBERÍA EMT CONDUIT GALVANIZADA DE 3/4" | B103: und | C103: 1000 | D103: GB
A104: CURVA CONDUIT GALVANIZADA EMT DE 3/4" | B104: und | C104: 3599 | D104: GB
A105: CONECTOR TERMINAL DE ACERO PARA TUBO EMT DE 3/4" | B105: und | C105: 2835 | D105: GB
A106: CINTA DE SEÑALIZACIÓN DE RIESGO ELÉCTRICO | B106: m | C106: 70 | D106: GB
A107: CURVA PVC CONDUIT 90° DE 3/4" | B107: und | C107: 965 | D107: GB
A108: TUBERÍA CONDUIT PVC 3/4" DB | B108: m | C108: 2184 | D108: GB
A109: UNIÓN CONDUIT PVC DE 3/4" | B109: und | C109: 812 | D109: GB
A110: ADAPTADOR TERMINAL PVC CONDUIT DE 3/4" | B110: und | C110: 801 | D110: GB
A111: LIMPIADOR PVC X 1/4 | B111: gl | C111: 45646 | D111: GB
... A147: Detergente ácido nitrico sin fosfatos, para limpieza de superficies pétreas, superficies cerámicas y estructuras de concreto | B147: gl | C147: 33900 | D147: https://www.homecenter.com.co/homecenter-co/product/68729/acido-nitrico-1-galon/68729/
A148: Accesorios PVC de hasta 3" (Sifones, tragantes y uniones ) | B148: gl | C148: 40000
A149: Tubería PVC de Hasta 3" | B149: m | C149: =93601/6 -> 15600.167
A150: REJILLA C6 X 4 ALUMINIO CÚPULA | B150: Und | C150: 40175
A151: TOXEMENT VERTICOAT 2 | B151: Kg | C151: 6540
A152: CHAZOS | B152: Und | C152: 1500
A153: TORNILLO DE FIJACION | B153: Und | C153: 70
A154: BROCA PARA CONCRETO 3/8″ X 6″ | B154: Und | C154: 9210
A155: EASYFLEX BALDOSA FLEX INT 50X50 NEGRO DE 1.0 a 1.7 cm de espesor | B155: Und | C155: =131356/4 -> 32839 | D155: https://www.huellaurbana.com/producto/baldosa-flex/
A156: Geotextil tejido 2100 - ancho de 4m | B156: m | C156: 25400
A157: Pintura epóxica | B157: gl | C157: 202900 | D157: https://www.homecenter.com.co/homecenter-co/product/502587/pintura-epoxica-posible-gris-claro-1-galon/502587/
A158: Tubo rectangular 4x8 Cal 18 | B158: kg | C158: 6267
A159: Soldadura 6013 | B159: kg | C159: 16900
A160: Pintura en esmalte (color a elección) | B160: gl | C160: 112900
A161: Teja fibrocemento No. 8 | B161: m2 | C161: 19030
...

Sheet APU-1.1.1
B1: ANALISIS DE PRECIOS UNITARIOS
A3: DATOS ESPECÍFICOS
A4: ITEM | B4: DESCRIPCIÓN | G4: UNIDAD
A5: 1.1.1 | B5: =+'Formato oferta'!B5 -> Localización y replanteo de cubierta incluye Levantamiento topográfico general, ubicación de desagües y verificación de pendientes. | G5: =+'Formato oferta'!C5 -> m2
A7: I. MATERIALES
A8: DESCRIPCIÓN | D8: UNIDAD | E8: PRECIO UNIT. | F8: CANTIDAD | G8: Vr. UNITARIO
A9: Pintura esmalte para señalización | D9: =VLOOKUP(A9,Materiales!$1:$1048575,2,FALSE) -> gl | E9: =VLOOKUP(A9,Materiales!$1:$1048575,3,FALSE) -> 112400 | F9: 0.008 | G9: =+E9*F9 -> 899.2
A10: PUNTILLA CON Y SIN CABEZA 1 | D10: =VLOOKUP(A10,Materiales!$1:$1048575,2,FALSE) -> lb | E10: =VLOOKUP(A10,Materiales!$1:$1048575,3,FALSE) -> 4699 | F10: 0.02 | G10: =+E10*F10 -> 93.98
A15: SUBTOTAL | G15: =ROUND(SUM(G9:G14),2) -> 993.18
A17: II. EQUIPO
A18: DESCRIPCIÓN | D18: UNIDAD | E18: PRECIO UNIT. | F18: CANTIDAD | G18: Vr. UNITARIO
A19: Herrramienta y Equipo Menor(% M.O) | D19: =VLOOKUP(A19,Equipo!$1:$1048576,2,FALSE) -> % | E19: =+G29+G31 -> 394.55 | F19: 0.01 | G19: =+E19*F19 -> 3.9455
A20: EQUIPO DE TOPOGRAFÍA (ESTACION,NIVEL Y ELEMENTOS) | D20: =VLOOKUP(A20,Equipo!$1:$1048576,2,FALSE) -> hr | E20: =Equipo!C14 -> 7428 | F20: 0.05 | G20: =+E20*F20 -> 371.4
A25: SUBTOTAL | G25: =ROUND(SUM(G19:G24),2) -> 375.35
A27: III. MANO DE OBRA
A28: DESCRIPCIÓN | D28: UNIDAD | E28: PRECIO UNIT. | F28: CANTIDAD | G28: Vr. UNITARIO
A29: =+M.O!A8 -> AUXILIAR DE OBRA (B) | D29: =VLOOKUP(A29,M.O!$1:$1048576,2,FALSE) -> hh | E29: =VLOOKUP(A29,M.O!$1:$1048576,3,FALSE) -> 14613 | F29: 0.01 | G29: =+E29*F29 -> 146.13
A30: COMISION TOPOGRAFICA | D30: =VLOOKUP(A30,M.O!$1:$1048576,2,FALSE) -> hh | E30: =VLOOKUP(A30,M.O!$1:$1048576,3,FALSE) -> 73065 | F30: 0.027586275 | G30: =+E30*F30 -> 2015.5911
A31: OFICIAL OBRA (A) | D31: =VLOOKUP(A31,M.O!$1:$1048576,2,FALSE) -> hh | E31: =VLOOKUP(A31,M.O!$1:$1048576,3,FALSE) -> 24842 | F31: 0.01 | G31: =+E31*F31 -> 248.42
A35: SUBTOTAL | G35: =ROUND(SUM(G29:G34),2) -> 2410.14
A37: IV. TRANSPORTES
A38: DESCRIPCIÓN | D38: UNIDAD | E38: PRECIO UNIT. | F38: CANTIDAD | G38: Vr. UNITARIO
A39: - | D39: =VLOOKUP(A39,Transporte!$1:$1048576,2,FALSE) -> - | E39: =VLOOKUP(A39,Transporte!$1:$1048576,3,FALSE) -> 0 | F39: 0 | G39: =+E39*F39 -> 0
A45: SUBTOTAL | G45: =ROUND(SUM(G39:G44),0) -> 0
A47: COSTO TOTAL DIRECTO DE LA ACTIVIDAD | G47: =ROUND((G45+G35+G25+G15),0) -> 3779
A49: Observaciones: Total del costo directo de la actividad redondeado a CERO decimales

Sheet APU-1.1.2
B1: ANALISIS DE PRECIOS UNITARIOS
A2: DATOS ESPECÍFICOS
A3: ITEM | B3: DESCRIPCIÓN | G3: UNIDAD
A4: 1.1.2 | B4: =+'Formato oferta'!B6 -> Suministro e instalación de Punto de anclaje en acero inoxidable, con certificación según normatividad vigente | G4: =+'Formato oferta'!C6 -> und
A6: I. MATERIALES
A7: DESCRIPCIÓN | D7: UNIDAD | E7: PRECIO UNIT. | F7: CANTIDAD | G7: Vr. UNITARIO
A8: Punto de anclaje fijo de 5.000 Libras de resistencia | D8: =VLOOKUP(A8,Materiales!$1:$1048575,2,FALSE) -> und | E8: =VLOOKUP(A8,Materiales!$1:$1048575,3,FALSE) -> 220978.5 | F8: 1 | G8: =+E8*F8 -> 220978.5
A9: Varilla roscada acero inoxidable galvanizado 5/8" | D9: =VLOOKUP(A9,Materiales!$1:$1048575,2,FALSE) -> und | E9: =VLOOKUP(A9,Materiales!$1:$1048575,3,FALSE) -> 60795 | F9: 0.32 | G9: =+E9*F9 -> 19454.4
A10: Tuerca 5/8" acero inoxidable incluye arandela | D10: =VLOOKUP(A10,Materiales!$1:$1048575,2,FALSE) -> und | E10: =VLOOKUP(A10,Materiales!$1:$1048575,3,FALSE) -> 7117 | F10: 1 | G10: =+E10*F10 -> 7117
A11: Sikadur Anchorfix-4 Adhesivo De Anclaje De Varillas Y Pernos 600ml | D11: =VLOOKUP(A11,Materiales!$1:$1048575,2,FALSE) -> und | E11: =VLOOKUP(A11,Materiales!$1:$1048575,3,FALSE) -> 123900 | F11: 0.025 | G11: =+E11*F11 -> 3097.5
A14: SUBTOTAL | G14: =ROUND(SUM(G8:G13),2) -> 250647.4 | H14: =400/8 -> 50
A16: II. EQUIPO
A17: DESCRIPCIÓN | D17: UNIDAD | E17: PRECIO UNIT. | F17: CANTIDAD | G17: Vr. UNITARIO
A18: Herrramienta y Equipo Menor(% M.O) | D18: =VLOOKUP(A18,Equipo!$1:$1048576,2,FALSE) -> % | E18: =G34 -> 38603.91 | F18: 0.03 | G18: =+E18*F18 -> 1158.1173
A19: Prueba con equipo certificado para validar resistencia | D19: =VLOOKUP(A19,Equipo!$1:$1048576,2,FALSE) -> hr | E19: =VLOOKUP(A19,Equipo!$1:$1048576,3,FALSE) -> 58783 | F19: 1 | G19: =+E19*F19 -> 58783
A24: SUBTOTAL | G24: =ROUND(SUM(G18:G23),2) -> 59941.12
A26: III. MANO DE OBRA
A27: DESCRIPCIÓN | D27: UNIDAD | E27: PRECIO UNIT. | F27: CANTIDAD | G27: Vr. UNITARIO
A28: AUXILIAR DE OBRA (A) | D28: =VLOOKUP(A28,M.O!$1:$1048576,2,FALSE) -> jr | E28: =VLOOKUP(A28,M.O!$1:$1048576,3,FALSE) -> 16074 | F28: 1.33 | G28: =+E28*F28 -> 21378.42
A29: OFICIAL OBRA (A) | D29: =VLOOKUP(A29,M.O!$1:$1048576,2,FALSE) -> hh | E29: =VLOOKUP(A29,M.O!$1:$1048576,3,FALSE) -> 24842 | F29: 0.69340173 | G29: =+E29*F29 -> 17225.486
A30: -
A34: SUBTOTAL | G34: =ROUND(SUM(G28:G33),2) -> 38603.91
A36: IV. TRANSPORTES
A37: DESCRIPCIÓN | D37: UNIDAD | E37: PRECIO UNIT. | F37: CANTIDAD | G37: Vr. UNITARIO
A44: SUBTOTAL | G44: =ROUND(SUM(G38:G43),0) -> 0
A46: COSTO TOTAL DIRECTO DE LA ACTIVIDAD | G46: =ROUND((G44+G34+G24+G14),0) -> 349192
A48: Observaciones: Total del costo directo de la actividad redondeado a CERO decimales

Sheet APU-1.1.3
B1: ANALISIS DE PRECIOS UNITARIOS
A2: DATOS ESPECÍFICOS
A3: ITEM | B3: DESCRIPCIÓN | G3: UNIDAD
A4: 1.1.3 | B4: =+'Formato oferta'!B7 -> Suministro e instalación de escalera tipo gato con guarda persona incluye soporte vertical y pasos en tubo circular estructural de 1 1/2” de 2,5 mm, con varilla de 5/8" para amarre de vida con eslinga y guarda persona en platina de 1 1/2 x 1/4", anclajes cada metro en chazo de 3/8", pintura y anticorrosivo en todos sus elementos según diseño | G4: =+'Formato oferta'!C7 -> m
A6: I. MATERIALES
A7: DESCRIPCIÓN | D7: UNIDAD | E7: PRECIO UNIT. | F7: CANTIDAD | G7: Vr. UNITARIO
A8: Tubo estructural redondo de 1 1/2" 2,5 mm x 6 m | D8: =VLOOKUP(A8,Materiales!$1:$1048575,2,FALSE) -> und | E8: =VLOOKUP(A8,Materiales!$1:$1048575,3,FALSE) -> 153400 | F8: 0.77 | G8: =+E8*F8 -> 118118
A9: soldadura mig 0,3 por 5 kg | D9: =VLOOKUP(A9,Materiales!$1:$1048575,2,FALSE) -> und | E9: =VLOOKUP(A9,Materiales!$1:$1048575,3,FALSE) -> 58250 | F9: 0.21 | G9: =+E9*F9 -> 12232.5
A10: Varilla corrugada de 5/8" x 6 m | D10: =VLOOKUP(A10,Materiales!$1:$1048575,2,FALSE) -> und | E10: =VLOOKUP(A10,Materiales!$1:$1048575,3,FALSE) -> 35990 | F10: 0.403 | G10: =+E10*F10 -> 14503.97
A11: Chazo expansivode 3/8 *1 7/8" | D11: =VLOOKUP(A11,Materiales!$1:$1048575,2,FALSE) -> und | E11: =VLOOKUP(A11,Materiales!$1:$1048575,3,FALSE) -> 1350 | F11: 16 | G11: =+E11*F11 -> 21600
A12: Platina de 1 1/2" x 1/4" x 6 m | D12: =VLOOKUP(A12,Materiales!$1:$1048575,2,FALSE) -> und | E12: =VLOOKUP(A12,Materiales!$1:$1048575,3,FALSE) -> 70750 | F12: 0.98 | G12: =+E12*F12 -> 69335
A13: Anticorrosivo para metal x 1 gal | D13: =VLOOKUP(A13,Materiales!$1:$1048575,2,FALSE) -> gl | E13: =VLOOKUP(A13,Materiales!$1:$1048575,3,FALSE) -> 72695 | F13: 0.006 | G13: =+E13*F13 -> 436.17
A14: Pintura esmalte para señalización | D14: =VLOOKUP(A14,Materiales!$1:$1048575,2,FALSE) -> gl | E14: =VLOOKUP(A14,Materiales!$1:$1048575,3,FALSE) -> 112400 | F14: 0.01 | G14: =+E14*F14 -> 1124
G15: =+E15*F15 -> 0
A17: SUBTOTAL | G17: =ROUND(SUM(G8:G16),2) -> 237349.64
A19: II. EQUIPO
A20: DESCRIPCIÓN | D20: UNIDAD | E20: PRECIO UNIT. | F20: CANTIDAD | G20: Vr. UNITARIO
A21: Herrramienta y Equipo Menor(% M.O) | D21: =VLOOKUP(A21,Equipo!$1:$1048576,2,FALSE) -> % | E21: =G37 -> 301767.09 | F21: 0.035 | G21: =+E21*F21 -> 10561.848
A22: Elementos de seguridad en alturas | D22: Día | E22: 35000 | F22: 0.5 | G22: =+E22*F22 -> 17500
A27: SUBTOTAL | G27: =ROUND(SUM(G21:G26),2) -> 28061.85
A29: III. MANO DE OBRA
A30: DESCRIPCIÓN | D30: UNIDAD | E30: PRECIO UNIT. | F30: CANTIDAD | G30: Vr. UNITARIO
A31: CUADRILLA ORNAMENTACION | D31: =VLOOKUP(A31,M.O!$1:$1048576,2,FALSE) -> hh | E31: =VLOOKUP(A31,M.O!$1:$1048576,3,FALSE) -> 116904 | F31: 2.5813239 | G31: =+E31*F31 -> 301767.09
A37: SUBTOTAL | G37: =ROUND(SUM(G31:G36),2) -> 301767.09
A39: IV. TRANSPORTES
A40: DESCRIPCIÓN | D40: UNIDAD | E40: PRECIO UNIT. | F40: CANTIDAD | G40: Vr. UNITARIO
A47: SUBTOTAL | G47: =ROUND(SUM(G41:G46),0) -> 0
A49: COSTO TOTAL DIRECTO DE LA ACTIVIDAD | G49: =ROUND((G47+G37+G27+G17),0) -> 567179

Sheet APU-1.2.1
B1: ANALISIS DE PRECIOS UNITARIOS
A2: DATOS ESPECÍFICOS
A3: ITEM | B3: DESCRIPCIÓN | G3: UNIDAD
A4: 1.2.1 | B4: =+'Formato oferta'!B9 -> Limpieza con detergente alcalino e hidro lavado, retiro de material suelto (Manual o mecánico) en la terraza hasta encontrar suelo apto para la instalación del material imprimante, incluye mano de obra, herramienta y transporte necesarios para la correcta ejecución de la actividad y disposición final de los residuos resultantes de esta. | G4: m2
A6: I. MATERIALES
A7: DESCRIPCIÓN | D7: UNIDAD | E7: PRECIO UNIT. | F7: CANTIDAD | G7: Vr. UNITARIO
A8: Detergente ácido nitrico sin fosfatos, para limpieza de superficies pétreas, superficies cerámicas y estructuras de concreto | D8: =VLOOKUP(A8,Materiales!$1:$1048575,2,FALSE) -> gl | E8: =VLOOKUP(A8,Materiales!$1:$1048575,3,FALSE) -> 33900 | F8: 0.153 | G8: =+E8*F8 -> 5186.7
A14: SUBTOTAL | G14: =ROUND(SUM(G8:G13),2) -> 5186.7
A16: II. EQUIPO
A17: DESCRIPCIÓN | D17: UNIDAD | E17: PRECIO UNIT. | F17: CANTIDAD | G17: Vr. UNITARIO
A18: Herrramienta y Equipo Menor(% M.O) | D18: =VLOOKUP(A18,Equipo!$1:$1048576,2,FALSE) -> % | E18: =G34 -> 6968.73 | F18: 0.05 | G18: =+E18*F18 -> 348.4365
A19: Elementos de seguridad en alturas | D19: Hora | E19: =VLOOKUP(A19,Equipo!$1:$1048576,3,FALSE) -> 35000 | F19: 0.06 | G19: =+E19*F19 -> 2100
A20: Hidrolavadora motor a combustion - Caudal 8 - 13 l/min, incluye combustible | D20: Día | E20: =VLOOKUP(A20,Equipo!$1:$1048576,3,FALSE) -> 20000 | F20: 0.11 | G20: =+E20*F20 -> 2200
A24: SUBTOTAL | G24: =ROUND(SUM(G18:G23),2) -> 4648.44
A26: III. MANO DE OBRA
A27: DESCRIPCIÓN | D27: UNIDAD | E27: PRECIO UNIT. | F27: CANTIDAD | G27: Vr. UNITARIO
A28: AUXILIAR DE OBRA (A) | D28: =VLOOKUP(A28,M.O!$1:$1048576,2,FALSE) -> jr | E28: =VLOOKUP(A28,M.O!$1:$1048576,3,FALSE) -> 16074 | F28: 0.43354074 | G28: =+E28*F28 -> 6968.7339
A34: SUBTOTAL | G34: =ROUND(SUM(G28:G33),2) -> 6968.73
A36: IV. TRANSPORTES
A37: DESCRIPCIÓN | D37: UNIDAD | E37: PRECIO UNIT. | F37: CANTIDAD | G37: Vr. UNITARIO
A44: SUBTOTAL | G44: =ROUND(SUM(G38:G43),0) -> 0
A46: COSTO TOTAL DIRECTO DE LA ACTIVIDAD | G46: =ROUND((G44+G34+G24+G14),0) -> 16804

Sheet APU-1.2.2
B1: ANALISIS DE PRECIOS UNITARIOS
A2: ITEM | B2: DESCRIPCIÓN | G2: UNIDAD
A3: 1.2.2 | B3: =+'Formato oferta'!B10 -> Limpieza de drenajes y bajantes de agua lluvia desde la cubierta hasta los colectores del primer piso, incluye mano de obra, herramienta y demás materiales necesarios para su correcta ejecución de la actividad y disposición final de los residuos resultantes de esta. | G3: m
A5: I. MATERIALES
A6: DESCRIPCIÓN | D6: UNIDAD | E6: PRECIO UNIT. | F6: CANTIDAD | G6: Vr. UNITARIO
A7: Accesorios PVC de hasta 3" (Sifones, tragantes y uniones ) | D7: =VLOOKUP(A7,Materiales!$1:$1048575,2,FALSE) -> gl | E7: =VLOOKUP(A7,Materiales!$1:$1048575,3,FALSE) -> 40000 | F7: 0.1 | G7: =+E7*F7 -> 4000
A8: Tubería PVC de Hasta 3" | D8: =VLOOKUP(A8,Materiales!$1:$1048575,2,FALSE) -> m | E8: =VLOOKUP(A8,Materiales!$1:$1048575,3,FALSE) -> 15600.167 | F8: 0.25 | G8: =+E8*F8 -> 3900.0417
A13: SUBTOTAL | G13: =ROUND(SUM(G7:G12),2) -> 7900.04
A15: II. EQUIPO
A16: DESCRIPCIÓN | D16: UNIDAD | E16: PRECIO UNIT. | F16: CANTIDAD | G16: Vr. UNITARIO
A17: Herrramienta y Equipo Menor(% M.O) | D17: =VLOOKUP(A17,Equipo!$1:$1048576,2,FALSE) -> % | E17: =G33 -> 3460.81 | F17: 0.05 | G17: =+E17*F17 -> 173.0405
A18: Elementos de seguridad en alturas | D18: =VLOOKUP(A18,Equipo!$1:$1048576,2,FALSE) -> Día | E18: =VLOOKUP(A18,Equipo!$1:$1048576,3,FALSE) -> 35000 | F18: 0.1 | G18: =+E18*F18 -> 3500
A19: Hidrolavadora motor a combustion - Caudal 8 - 13 l/min, incluye combustible | D19: =VLOOKUP(A19,Equipo!$1:$1048576,2,FALSE) -> hr | E19: =VLOOKUP(A19,Equipo!$1:$1048576,3,FALSE) -> 20000 | F19: 0.04 | G19: =+E19*F19 -> 800
A23: SUBTOTAL | G23: =ROUND(SUM(G17:G22),2) -> 4473.04
A25: III. MANO DE OBRA
A26: DESCRIPCIÓN | D26: UNIDAD | E26: PRECIO UNIT. | F26: CANTIDAD | G26: Vr. UNITARIO
A27: AUXILIAR DE INSTALACIONES 1 | D27: =VLOOKUP(A27,M.O!$1:$1048576,2,FALSE) -> hh | E27: =VLOOKUP(A27,M.O!$1:$1048576,3,FALSE) -> 15344 | F27: 0.1 | G27: =+E27*F27 -> 1534.4
A28: OFICIAL INSTALACIONES (B) | D28: =VLOOKUP(A28,M.O!$1:$1048576,2,FALSE) -> hh | E28: =VLOOKUP(A28,M.O!$1:$1048576,3,FALSE) -> 26303 | F28: 0.07323913 | G28: =+E28*F28 -> 1926.4088
A33: SUBTOTAL | G33: =ROUND(SUM(G27:G32),2) -> 3460.81
A35: IV. TRANSPORTES
A36: DESCRIPCIÓN | D36: UNIDAD | E36: PRECIO UNIT. | F36: CANTIDAD | G36: Vr. UNITARIO
A43: SUBTOTAL | G43: =ROUND(SUM(G37:G42),0) -> 0
A45: COSTO TOTAL DIRECTO DE LA ACTIVIDAD | G45: =ROUND((G43+G33+G23+G13),0) -> 15834

Sheet APU-1.2.3
B1: ANALISIS DE PRECIOS UNITARIOS
A2: ITEM | B2: DESCRIPCIÓN | G2: UNIDAD
A3: 1.2.3 | B3: =+'Formato oferta'!B11 -> Mejoramiento del pendientado en puntos localizados, mediante la instalación de manto foil o similar de 3,6mm | G3: m2
A5: I. MATERIALES
A6: DESCRIPCIÓN | D6: UNIDAD | E6: PRECIO UNIT. | F6: CANTIDAD | G6: Vr. UNITARIO
A7: Emulsión asfáltica | D7: =VLOOKUP(A7,Materiales!$1:$1048575,2,FALSE) -> gl | E7: =VLOOKUP(A7,Materiales!$1:$1048575,3,FALSE) -> 23980 | F7: 0.13 | G7: =+E7*F7 -> 3117.4
A8: Manto asfáltico impermeabilizante aluminato 3.6 mm - foil aluminio | D8: =VLOOKUP(A8,Materiales!$1:$1048575,2,FALSE) -> m2 | E8: =VLOOKUP(A8,Materiales!$1:$1048575,3,FALSE) -> 36890 | F8: 1.05 | G8: =+E8*F8 -> 38734.5
A9: Pintura bituminosa aluminio | D9: =VLOOKUP(A9,Materiales!$1:$1048575,2,FALSE) -> gl | E9: =VLOOKUP(A9,Materiales!$1:$1048575,3,FALSE) -> 159900 | F9: =1/24 -> 0.041666667 | G9: =+E9*F9 -> 6662.5
A13: SUBTOTAL | G13: =ROUND(SUM(G7:G12),2) -> 48514.4
A15: II. EQUIPO
A16: DESCRIPCIÓN | D16: UNIDAD | E16: PRECIO UNIT. | F16: CANTIDAD | G16: Vr. UNITARIO
A17: Herrramienta y Equipo Menor(% M.O) | D17: =VLOOKUP(A17,Equipo!$1:$1048576,2,FALSE) -> % | E17: =G33 -> 16810.99 | F17: 0.016 | G17: =+E17*F17 -> 268.97584
A18: Elementos de seguridad en alturas | D18: =VLOOKUP(A18,Equipo!$1:$1048576,2,FALSE) -> Día | E18: =VLOOKUP(A18,Equipo!$1:$1048576,3,FALSE) -> 35000 | F18: 0.04 | G18: =+E18*F18 -> 1400
A19: Soplete a gas - Incluye pipeta para combustón | D19: =VLOOKUP(A19,Equipo!$1:$1048576,2,FALSE) -> Día | E19: =VLOOKUP(A19,Equipo!$1:$1048576,3,FALSE) -> 34000 | F19: 0.02 | G19: =+E19*F19 -> 680
A20: Pulidora Makita M0901B | D20: =VLOOKUP(A20,Equipo!$1:$1048576,2,FALSE) -> dd | E20: =VLOOKUP(A20,Equipo!$1:$1048576,3,FALSE) -> 31500 | F20: 0.02 | G20: =+E20*F20 -> 630
A23: SUBTOTAL | G23: =ROUND(SUM(G17:G22),2) -> 2978.98
A25: III. MANO DE OBRA
A26: DESCRIPCIÓN | D26: UNIDAD | E26: PRECIO UNIT. | F26: CANTIDAD | G26: Vr. UNITARIO
A27: AUXILIAR DE OBRA (A) | D27: =VLOOKUP(A27,M.O!$1:$1048576,2,FALSE) -> jr | E27: =VLOOKUP(A27,M.O!$1:$1048576,3,FALSE) -> 16074 | F27: 0.35 | G27: =+E27*F27 -> 5625.9
A28: OFICIAL OBRA (A) | D28: =VLOOKUP(A28,M.O!$1:$1048576,2,FALSE) -> hh | E28: =VLOOKUP(A28,M.O!$1:$1048576,3,FALSE) -> 24842 | F28: 0.2237819 | G28: =+E28*F28 -> 5559.1901
A29: AUXILIAR DE OBRA (A) | D29: =VLOOKUP(A29,M.O!$1:$1048576,2,FALSE) -> jr | E29: =VLOOKUP(A29,M.O!$1:$1048576,3,FALSE) -> 16074 | F29: 0.35 | G29: =+E29*F29 -> 5625.9
A33: SUBTOTAL | G33: =ROUND(SUM(G27:G32),2) -> 16810.99
A35: IV. TRANSPORTES
A36: DESCRIPCIÓN | D36: UNIDAD | E36: PRECIO UNIT. | F36: CANTIDAD | G36: Vr. UNITARIO
A43: SUBTOTAL | G43: =ROUND(SUM(G37:G42),0) -> 0
A45: COSTO TOTAL DIRECTO DE LA ACTIVIDAD | G45: =ROUND((G43+G33+G23+G13),0) -> 68304

Sheet APU-1.2.4
B1: ANALISIS DE PRECIOS UNITARIOS
A2: ITEM | B2: DESCRIPCIÓN | G2: UNIDAD
A3: 1.2.4 | B3: =+'Formato oferta'!B12 -> Impermeabilización de cubiertas con membrana sintética de PVC de 1,5 mm | G3: m2
A5: I. MATERIALES
A6: DESCRIPCIÓN | D6: UNIDAD | E6: PRECIO UNIT. | F6: CANTIDAD | G6: Vr. UNITARIO
A7: Broca 3/8" | D7: =VLOOKUP(A7,Materiales!$1:$1048575,2,FALSE) -> Und | E7: =VLOOKUP(A7,Materiales!$1:$1048575,3,FALSE) -> 18730 | F7: 0.082 | G7: =+E7*F7 -> 1535.86
A8: Chazos 3/8 x 3" | D8: =VLOOKUP(A8,Materiales!$1:$1048575,2,FALSE) -> Und | E8: =VLOOKUP(A8,Materiales!$1:$1048575,3,FALSE) -> 2398 | F8: 5 | G8: =+E8*F8 -> 11990
A9: Danopol HS 1.5 mm x 27m2 | D9: =VLOOKUP(A9,Materiales!$1:$1048575,2,FALSE) -> m2 | E9: =VLOOKUP(A9,Materiales!$1:$1048575,3,FALSE) -> 62736 | F9: 1 | G9: =+E9*F9 -> 62736
A10: Disco de corte de concreto | D10: =VLOOKUP(A10,Materiales!$1:$1048575,2,FALSE) -> Und | E10: =VLOOKUP(A10,Materiales!$1:$1048575,3,FALSE) -> 20630 | F10: 0.026 | G10: =+E10*F10 -> 536.38
A11: EPORIP X 2Kg Bicomponente | D11: =VLOOKUP(A11,Materiales!$1:$1048575,2,FALSE) -> Und | E11: =VLOOKUP(A11,Materiales!$1:$1048575,3,FALSE) -> 320581 | F11: 0.01 | G11: =+E11*F11 -> 3205.81
A12: Estopa | D12: =VLOOKUP(A12,Materiales!$1:$1048575,2,FALSE) -> Kg | E12: =VLOOKUP(A12,Materiales!$1:$1048575,3,FALSE) -> 20040 | F12: 0.03 | G12: =+E12*F12 -> 601.2
A13: Geotextil NT 2000 | D13: =VLOOKUP(A13,Materiales!$1:$1048575,2,FALSE) -> m2 | E13: =VLOOKUP(A13,Materiales!$1:$1048575,3,FALSE) -> 7857 | F13: 1.2 | G13: =+E13*F13 -> 9428.4
A14: Limpiador PVC | D14: =VLOOKUP(A14,Materiales!$1:$1048575,2,FALSE) -> Und | E14: =VLOOKUP(A14,Materiales!$1:$1048575,3,FALSE) -> 48768 | F14: 0.03 | G14: =+E14*F14 -> 1463.04
A15: Pegante industrial | D15: =VLOOKUP(A15,Materiales!$1:$1048575,2,FALSE) -> Gal | E15: =VLOOKUP(A15,Materiales!$1:$1048575,3,FALSE) -> 715917 | F15: 0.003 | G15: =+E15*F15 -> 2147.751
A16: Perfil x 70 unidades | D16: =VLOOKUP(A16,Materiales!$1:$1048575,2,FALSE) -> Und | E16: =VLOOKUP(A16,Materiales!$1:$1048575,3,FALSE) -> 375850 | F16: 0.03 | G16: =+E16*F16 -> 11275.5
A17: Poliuretano (sellador) x salcichon x600 cc | D17: =VLOOKUP(A17,Materiales!$1:$1048575,2,FALSE) -> Und | E17: =VLOOKUP(A17,Materiales!$1:$1048575,3,FALSE) -> 44900 | F17: 0.2 | G17: =+E17*F17 -> 8980
A18: Rodillo apisonador | D18: =VLOOKUP(A18,Materiales!$1:$1048575,2,FALSE) -> Mes | E18: =VLOOKUP(A18,Materiales!$1:$1048575,3,FALSE) -> 70139 | F18: 0.005 | G18: =+E18*F18 -> 350.695
... A20: Sika Primer 215 | D20: =VLOOKUP(A20,Materiales!$1:$1048575,2,FALSE) -> Und | E20: =VLOOKUP(A20,Materiales!$1:$1048575,3,FALSE) -> 198129 | F20: 0.05 | G20: =+E20*F20 -> 9906.45
A24: SUBTOTAL | G24: =ROUND(SUM(G7:G23),2) -> 133450.16
A26: II. EQUIPO
A27: DESCRIPCIÓN | D27: UNIDAD | E27: PRECIO UNIT. | F27: CANTIDAD | G27: Vr. UNITARIO
A28: Herrramienta y Equipo Menor(% M.O) | D28: =VLOOKUP(A28,Equipo!$1:$1048576,2,FALSE) -> % | E28: =+G47 -> 13705.4 | F28: 0.05 | G28: =+E28*F28 -> 685.27
A29: PLUMA GRÚA PARA TRASIEGO VERTICAL HACIA CUBIERTA | D29: =VLOOKUP(A29,Equipo!$1:$1048576,2,FALSE) -> m2 | E29: =VLOOKUP(A29,Equipo!$1:$1048576,3,FALSE) -> 4916 | F29: 0.38 | G29: =+E29*F29 -> 1868.08
A30: Elementos de seguridad en alturas | D30: =VLOOKUP(A30,Equipo!$1:$1048576,2,FALSE) -> Día | E30: =VLOOKUP(A30,Equipo!$1:$1048576,3,FALSE) -> 35000 | F30: 0.07 | G30: =+E30*F30 -> 2450
A31: Pulidora Makita M0901B | D31: =VLOOKUP(A31,Equipo!$1:$1048576,2,FALSE) -> dd | E31: =VLOOKUP(A31,Equipo!$1:$1048576,3,FALSE) -> 31500 | F31: 0.026 | G31: =+E31*F31 -> 819
A32: TALADRO PERCUTOR HILTI-MAQUITA o similar | D32: =VLOOKUP(A32,Equipo!$1:$1048576,2,FALSE) -> día | E32: =VLOOKUP(A32,Equipo!$1:$1048576,3,FALSE) -> 50970 | F32: 0.035 | G32: =+E32*F32 -> 1783.95
A33: Pistola de calor | D33: =VLOOKUP(A33,Equipo!$1:$1048576,2,FALSE) -> día | E33: =VLOOKUP(A33,Equipo!$1:$1048576,3,FALSE) -> 15600 | F33: 0.2 | G33: =+E33*F33 -> 3120
A37: SUBTOTAL | G37: =ROUND(SUM(G28:G36),2) -> 10726.3
A39: III. MANO DE OBRA
A40: DESCRIPCIÓN | D40: UNIDAD | E40: PRECIO UNIT. | F40: CANTIDAD | G40: Vr. UNITARIO
A41: AUXILIAR DE OBRA (A) | D41: =VLOOKUP(A41,M.O!$1:$1048576,2,FALSE) -> jr | E41: =VLOOKUP(A41,M.O!$1:$1048576,3,FALSE) -> 16074 | F41: 0.365 | G41: =+E41*F41 -> 5867.01
A42: OFICIAL OBRA (A) | D42: =VLOOKUP(A42,M.O!$1:$1048576,2,FALSE) -> hh | E42: =VLOOKUP(A42,M.O!$1:$1048576,3,FALSE) -> 24842 | F42: 0.079356828 | G42: =+E42*F42 -> 1971.3823
A43: AUXILIAR DE OBRA (A) | D43: =VLOOKUP(A43,M.O!$1:$1048576,2,FALSE) -> jr | E43: =VLOOKUP(A43,M.O!$1:$1048576,3,FALSE) -> 16074 | F43: 0.365 | G43: =+E43*F43 -> 5867.01
A47: SUBTOTAL | G47: =ROUND(SUM(G41:G46),2) -> 13705.4
A48: COSTO TOTAL DIRECTO DE LA ACTIVIDAD | G48: =+G47+G37+G24 -> 157881.86
A50: Observaciones: Total del costo directo de la actividad redondeado a CERO decimales

Sheet APU-1.2.5
B1: ANALISIS DE PRECIOS UNITARIOS
A2: ITEM | B2: DESCRIPCIÓN | G2: UNIDAD
A3: 1.2.5 | B3: =+'Formato oferta'!B13 -> Suministro e instalación de sosco metálico tipo cúpula de hasta 4" en sifones de bajantes (incluye desmonte) | G3: und
A5: I. MATERIALES
A6: DESCRIPCIÓN | D6: UNIDAD | E6: PRECIO UNIT. | F6: CANTIDAD | G6: Vr. UNITARIO
A7: REJILLA C6 X 4 ALUMINIO CÚPULA | D7: =VLOOKUP(A7,Materiales!$1:$1048575,2,FALSE) -> Und | E7: =VLOOKUP(A7,Materiales!$1:$1048575,3,FALSE) -> 40175 | F7: 1 | G7: =+E7*F7 -> 40175
A8: TOXEMENT VERTICOAT 2 | D8: =VLOOKUP(A8,Materiales!$1:$1048575,2,FALSE) -> Kg | E8: =VLOOKUP(A8,Materiales!$1:$1048575,3,FALSE) -> 6540 | F8: 0.29 | G8: =+E8*F8 -> 1896.6
A9: Chazo expansivode 3/8 *1 7/8" | D9: =VLOOKUP(A9,Materiales!$1:$1048575,2,FALSE) -> und | E9: =VLOOKUP(A9,Materiales!$1:$1048575,3,FALSE) -> 1350 | F9: 2 | G9: =+E9*F9 -> 2700
A10: TORNILLO DE FIJACION | D10: =VLOOKUP(A10,Materiales!$1:$1048575,2,FALSE) -> Und | E10: =VLOOKUP(A10,Materiales!$1:$1048575,3,FALSE) -> 70 | F10: 2 | G10: =+E10*F10 -> 140
A11: BROCA PARA CONCRETO 3/8″ X 6″ | D11: =VLOOKUP(A11,Materiales!$1:$1048575,2,FALSE) -> Und | E11: =VLOOKUP(A11,Materiales!$1:$1048575,3,FALSE) -> 9210 | F11: 0.053 | G11: =+E11*F11 -> 488.13
A13: SUBTOTAL | G13: =ROUND(SUM(G7:G12),2) -> 45399.73
A15: II. EQUIPO
A16: DESCRIPCIÓN | D16: UNIDAD | E16: PRECIO UNIT. | F16: CANTIDAD | G16: Vr. UNITARIO
A17: Herrramienta y Equipo Menor(% M.O) | D17: =VLOOKUP(A17,Equipo!$1:$1048576,2,FALSE) -> % | E17: =+G33 -> 8962.17 | F17: 0.05 | G17: =+E17*F17 -> 448.1085
A18: Elementos de seguridad en alturas | D18: =VLOOKUP(A18,Equipo!$1:$1048576,2,FALSE) -> Día | E18: =VLOOKUP(A18,Equipo!$1:$1048576,3,FALSE) -> 35000 | F18: 0.038 | G18: =+E18*F18 -> 1330
A23: SUBTOTAL | G23: =ROUND(SUM(G17:G22),2) -> 1778.11
A25: III. MANO DE OBRA
A26: DESCRIPCIÓN | D26: UNIDAD | E26: PRECIO UNIT. | F26: CANTIDAD | G26: Vr. UNITARIO
A27: AUXILIAR DE OBRA (A) | D27: =VLOOKUP(A27,M.O!$1:$1048576,2,FALSE) -> jr | E27: =VLOOKUP(A27,M.O!$1:$1048576,3,FALSE) -> 16074 | F27: 0.28 | G27: =+E27*F27 -> 4500.72
A28: OFICIAL OBRA (A) | D28: =VLOOKUP(A28,M.O!$1:$1048576,2,FALSE) -> hh | E28: =VLOOKUP(A28,M.O!$1:$1048576,3,FALSE) -> 24842 | F28: 0.17959288 | G28: =+E28*F28 -> 4461.4464
A33: SUBTOTAL | G33: =ROUND(SUM(G27:G32),2) -> 8962.17
A35: IV. TRANSPORTES
A36: DESCRIPCIÓN | D36: UNIDAD | E36: PRECIO UNIT. | F36: CANTIDAD | G36: Vr. UNITARIO
A43: SUBTOTAL | G43: =ROUND(SUM(G37:G42),0) -> 0
A45: COSTO TOTAL DIRECTO DE LA ACTIVIDAD | G45: =ROUND((G43+G33+G23+G13),0) -> 56140
A47: Observaciones: Total del costo directo de la actividad redondeado a CERO decimales

Sheet APU-1.2.6
B1: ANALISIS DE PRECIOS UNITARIOS
A2: ITEM | B2: DESCRIPCIÓN | G2: UNIDAD
A3: 1.2.6 | B3: =+'Formato oferta'!B14 -> Suministro e instalación de Baldosa de caucho tipo EasyBaldosa Flex en piezas de 50x50cm para sendero transitable en áreas de terraza | G3: m
A5: I. MATERIALES
A6: DESCRIPCIÓN | D6: UNIDAD | E6: PRECIO UNIT. | F6: CANTIDAD | G6: Vr. UNITARIO
A7: EASYFLEX BALDOSA FLEX INT 50X50 NEGRO DE 1.0 a 1.7 cm de espesor | D7: =VLOOKUP(A7,Materiales!$1:$1048575,2,FALSE) -> Und | E7: =VLOOKUP(A7,Materiales!$1:$1048575,3,FALSE) -> 32839 | F7: 3.8022848 | G7: =+E7*F7 -> 124863.23
A8: GEOTEXTIL NO TEJIDO 3000 3.8 X 120 MT | D8: =VLOOKUP(A8,Materiales!$1:$1048575,2,FALSE) -> m2 | E8: =VLOOKUP(A8,Materiales!$1:$1048575,3,FALSE) -> 6923.72 | F8: 0.5 | G8: =+E8*F8 -> 3461.86
A13: SUBTOTAL | G13: =ROUND(SUM(G7:G12),2) -> 128325.09
A15: II. EQUIPO
A16: DESCRIPCIÓN | D16: UNIDAD | E16: PRECIO UNIT. | F16: CANTIDAD | G16: Vr. UNITARIO
A17: Herrramienta y Equipo Menor(% M.O) | D17: =VLOOKUP(A17,Equipo!$1:$1048576,2,FALSE) -> % | E17: =+G33 -> 7891 | F17: 0.05 | G17: =+E17*F17 -> 394.55
A18: Elementos de seguridad en alturas | D18: =VLOOKUP(A18,Equipo!$1:$1048576,2,FALSE) -> Día | E18: =VLOOKUP(A18,Equipo!$1:$1048576,3,FALSE) -> 35000 | F18: 0.03 | G18: =+E18*F18 -> 1050
A23: SUBTOTAL | G23: =ROUND(SUM(G17:G22),2) -> 1444.55
A25: III. MANO DE OBRA
A26: DESCRIPCIÓN | D26: UNIDAD | E26: PRECIO UNIT. | F26: CANTIDAD | G26: Vr. UNITARIO
A27: AUXILIAR DE OBRA (B) | D27: =VLOOKUP(A27,M.O!$1:$1048576,2,FALSE) -> hh | E27: =VLOOKUP(A27,M.O!$1:$1048576,3,FALSE) -> 14613 | F27: 0.2 | G27: =+E27*F27 -> 2922.6
A28: OFICIAL OBRA (A) | D28: =VLOOKUP(A28,M.O!$1:$1048576,2,FALSE) -> hh | E28: =VLOOKUP(A28,M.O!$1:$1048576,3,FALSE) -> 24842 | F28: 0.2 | G28: =+E28*F28 -> 4968.4
A33: SUBTOTAL | G33: =ROUND(SUM(G27:G32),2) -> 7891
A35: IV. TRANSPORTES
A36: DESCRIPCIÓN | D36: UNIDAD | E36: PRECIO UNIT. | F36: CANTIDAD | G36: Vr. UNITARIO
A37: Transporte liviano urbano (camioneta tipo NHR) | D37: =VLOOKUP(A37,Transporte!$1:$1048576,2,FALSE) -> m3-km | E37: =VLOOKUP(A37,Transporte!$1:$1048576,3,FALSE) -> 1500 | F37: 1 | G37: =+E37*F37 -> 1500
A43: SUBTOTAL | G43: =ROUND(SUM(G37:G42),0) -> 1500
A45: COSTO TOTAL DIRECTO DE LA ACTIVIDAD | G45: =ROUND((G43+G33+G23+G13),0) -> 139161
A47: Observaciones: Total del costo directo de la actividad redondeado a CERO decimales

Sheet APU-1.2.7
B1: ANALISIS DE PRECIOS UNITARIOS
A2: ITEM | B2: DESCRIPCIÓN | G2: UNIDAD
A3: 1.2.7 | B3: =+'Formato oferta'!B15 -> Resane y pintura epóxica con alta resistencia a la radiación bajo placa. incluye material, herramienta y mano de obra necesaria para la correcta ejecución de la actividad. | G3: m2
A5: I. MATERIALES
A6: DESCRIPCIÓN | D6: UNIDAD | E6: PRECIO UNIT. | F6: CANTIDAD | G6: Vr. UNITARIO
A7: Yeso Corriente | D7: =VLOOKUP(A7,Materiales!$1:$1048575,2,FALSE) -> Kg | E7: =VLOOKUP(A7,Materiales!$1:$1048575,3,FALSE) -> 2580 | F7: 0.03 | G7: =+E7*F7 -> 77.4
A8: Caolin | D8: =VLOOKUP(A8,Materiales!$1:$1048575,2,FALSE) -> kg | E8: =VLOOKUP(A8,Materiales!$1:$1048575,3,FALSE) -> 1236 | F8: 3 | G8: =+E8*F8 -> 3708
A9: Cemento gris | D9: =VLOOKUP(A9,Materiales!$1:$1048575,2,FALSE) -> kg | E9: =VLOOKUP(A9,Materiales!$1:$1048575,3,FALSE) -> 927 | F9: 0.32 | G9: =+E9*F9 -> 296.64
A10: Lija | D10: =VLOOKUP(A10,Materiales!$1:$1048575,2,FALSE) -> und | E10: =VLOOKUP(A10,Materiales!$1:$1048575,3,FALSE) -> 1500 | F10: 0.02 | G10: =+E10*F10 -> 30
A11: Pintura epóxica | D11: =VLOOKUP(A11,Materiales!$1:$1048575,2,FALSE) -> gl | E11: =VLOOKUP(A11,Materiales!$1:$1048575,3,FALSE) -> 202900 | F11: 0.06 | G11: =+E11*F11 -> 12174
A13: SUBTOTAL | G13: =ROUND(SUM(G7:G12),2) -> 16286.04
A15: II. EQUIPO
A16: DESCRIPCIÓN | D16: UNIDAD | E16: PRECIO UNIT. | F16: CANTIDAD | G16: Vr. UNITARIO
A17: Herrramienta y Equipo Menor(% M.O) | D17: =VLOOKUP(A17,Equipo!$1:$1048576,2,FALSE) -> % | E17: =+G33 -> 23660.66 | F17: 0.016 | G17: =+E17*F17 -> 378.57056
A18: ANDAMIO TUBULAR NORMALIZADO, TIPO MULTIDIRECCIONAL, DE ACERO GALVANIZADO EN CALIENTE, SEGÚN ISO 9001.GALVANIZADO EN CALIENTE, SEGÚN ISO 9S0E0C1C. | D18: =VLOOKUP(A18,Equipo!$1:$1048576,2,FALSE) -> dd | E18: =VLOOKUP(A18,Equipo!$1:$1048576,3,FALSE) -> 59181.424 | F18: 0.75 | G18: =+E18*F18 -> 44386.068
A23: SUBTOTAL | G23: =ROUND(SUM(G17:G22),2) -> 44764.64
A25: III. MANO DE OBRA
A26: DESCRIPCIÓN | D26: UNIDAD | E26: PRECIO UNIT. | F26: CANTIDAD | G26: Vr. UNITARIO
A27: AUXILIAR DE OBRA (B) | D27: =VLOOKUP(A27,M.O!$1:$1048576,2,FALSE) -> hh | E27: =VLOOKUP(A27,M.O!$1:$1048576,3,FALSE) -> 14613 | F27: 0.7 | G27: =+E27*F27 -> 10229.1
A28: OFICIAL OBRA (A) | D28: =VLOOKUP(A28,M.O!$1:$1048576,2,FALSE) -> hh | E28: =VLOOKUP(A28,M.O!$1:$1048576,3,FALSE) -> 24842 | F28: 0.54067968 | G28: =+E28*F28 -> 13431.565
A33: SUBTOTAL | G33: =ROUND(SUM(G27:G32),2) -> 23660.66
A35: IV. TRANSPORTES
A36: DESCRIPCIÓN | D36: UNIDAD | E36: PRECIO UNIT. | F36: CANTIDAD | G36: Vr. UNITARIO
A37: Transporte liviano urbano (camioneta tipo NHR) | D37: =VLOOKUP(A37,Transporte!$1:$1048576,2,FALSE) -> m3-km | E37: =VLOOKUP(A37,Transporte!$1:$1048576,3,FALSE) -> 1500 | F37: 1 | G37: =+E37*F37 -> 1500
A43: SUBTOTAL | G43: =ROUND(SUM(G37:G42),0) -> 1500
A45: COSTO TOTAL DIRECTO DE LA ACTIVIDAD | G45: =ROUND((G43+G33+G23+G13),0) -> 86211
A47: Observaciones: Total del costo directo de la actividad redondeado a CERO decimales

Sheet APU-1.3.1-
B1: ANALISIS DE PRECIOS UNITARIOS
A2: ITEM | B2: DESCRIPCIÓN | G2: UNIDAD
A3: 1.3.1 | B3: =+'Formato oferta'!B17 -> Aseo general y entrega | G3: m2
A5: I. MATERIALES
A6: DESCRIPCIÓN | D6: UNIDAD | E6: PRECIO UNIT. | F6: CANTIDAD | G6: Vr. UNITARIO
A13: SUBTOTAL | G13: =ROUND(SUM(G7:G12),2) -> 0
A15: II. EQUIPO
A16: DESCRIPCIÓN | D16: UNIDAD | E16: PRECIO UNIT. | F16: CANTIDAD | G16: Vr. UNITARIO
A17: Herrramienta y Equipo Menor(% M.O) | D17: =VLOOKUP(A17,Equipo!$1:$1048576,2,FALSE) -> % | E17: =+G33 -> 3070.64 | F17: 0.1 | G17: =+E17*F17 -> 307.064
A23: SUBTOTAL | G23: =ROUND(SUM(G17:G22),2) -> 307.06
A25: III. MANO DE OBRA
A26: DESCRIPCIÓN | D26: UNIDAD | E26: PRECIO UNIT. | F26: CANTIDAD | G26: Vr. UNITARIO
A27: AUXILIAR DE OBRA (B) | D27: =VLOOKUP(A27,M.O!$1:$1048576,2,FALSE) -> hh | E27: =VLOOKUP(A27,M.O!$1:$1048576,3,FALSE) -> 14613 | F27: 0.21013092 | G27: =+E27*F27 -> 3070.6432
A33: SUBTOTAL | G33: =ROUND(SUM(G27:G32),2) -> 3070.64
A35: IV. TRANSPORTES
A36: DESCRIPCIÓN | D36: UNIDAD | E36: PRECIO UNIT. | F36: CANTIDAD | G36: Vr. UNITARIO
A43: SUBTOTAL | G43: =ROUND(SUM(G37:G42),0) -> 0
A45: COSTO TOTAL DIRECTO DE LA ACTIVIDAD | G45: =ROUND((G43+G33+G23+G13),0) -> 3378
A47: Observaciones: Total del costo directo de la actividad redondeado a CERO decimales

Sheet APU-2.1.1
B1: ANALISIS DE PRECIOS UNITARIOS
A2: ITEM | B2: DESCRIPCIÓN | G2: UNIDAD
A3: 2.1.1 | B3: =+'Formato oferta'!B20 -> Localización y replanteo de cubierta incluye Levantamiento topográfico general, ubicación de desagües y verificación de pendientes. | G3: m2
A5: I. MATERIALES
A6: DESCRIPCIÓN | D6: UNIDAD | E6: PRECIO UNIT. | F6: CANTIDAD | G6: Vr. UNITARIO
A7: Pintura esmalte para señalización | D7: =VLOOKUP(A7,Materiales!$1:$1048575,2,FALSE) -> gl | E7: =VLOOKUP(A7,Materiales!$1:$1048575,3,FALSE) -> 112400 | F7: 0.008 | G7: =+E7*F7 -> 899.2
A8: PUNTILLA CON Y SIN CABEZA 1 | D8: =VLOOKUP(A8,Materiales!$1:$1048575,2,FALSE) -> lb | E8: =VLOOKUP(A8,Materiales!$1:$1048575,3,FALSE) -> 4699 | F8: 0.02 | G8: =+E8*F8 -> 93.98
A13: SUBTOTAL | G13: =ROUND(SUM(G7:G12),2) -> 993.18
A15: II. EQUIPO
A16: DESCRIPCIÓN | D16: UNIDAD | E16: PRECIO UNIT. | F16: CANTIDAD | G16: Vr. UNITARIO
A17: Herrramienta y Equipo Menor(% M.O) | D17: =VLOOKUP(A17,Equipo!$1:$1048576,2,FALSE) -> % | E17: =+G27+G29 -> 394.55 | F17: 0.01 | G17: =+E17*F17 -> 3.9455
A18: EQUIPO DE TOPOGRAFÍA (ESTACION,NIVEL Y ELEMENTOS) | D18: =VLOOKUP(A18,Equipo!$1:$1048576,2,FALSE) -> hr | E18: =Equipo!C14 -> 7428 | F18: 0.05 | G18: =+E18*F18 -> 371.4
A23: SUBTOTAL | G23: =ROUND(SUM(G17:G22),2) -> 375.35
A25: III. MANO DE OBRA
A26: DESCRIPCIÓN | D26: UNIDAD | E26: PRECIO UNIT. | F26: CANTIDAD | G26: Vr. UNITARIO
A27: =+M.O!A8 -> AUXILIAR DE OBRA (B) | D27: =VLOOKUP(A27,M.O!$1:$1048576,2,FALSE) -> hh | E27: =VLOOKUP(A27,M.O!$1:$1048576,3,FALSE) -> 14613 | F27: 0.01 | G27: =+E27*F27 -> 146.13
A28: COMISION TOPOGRAFICA | D28: =VLOOKUP(A28,M.O!$1:$1048576,2,FALSE) -> hh | E28: =VLOOKUP(A28,M.O!$1:$1048576,3,FALSE) -> 73065 | F28: 0.027586275 | G28: =+E28*F28 -> 2015.5911
A29: OFICIAL OBRA (A) | D29: =VLOOKUP(A29,M.O!$1:$1048576,2,FALSE) -> hh | E29: =VLOOKUP(A29,M.O!$1:$1048576,3,FALSE) -> 24842 | F29: 0.01 | G29: =+E29*F29 -> 248.42
A33: SUBTOTAL | G33: =ROUND(SUM(G27:G32),2) -> 2410.14
A35: IV. TRANSPORTES
A36: DESCRIPCIÓN | D36: UNIDAD | E36: PRECIO UNIT. | F36: CANTIDAD | G36: Vr. UNITARIO
A43: SUBTOTAL | G43: =ROUND(SUM(G37:G42),0) -> 0
A45: COSTO TOTAL DIRECTO DE LA ACTIVIDAD | G45: =ROUND((G43+G33+G23+G13),0) -> 3779
A47: Observaciones: Total del costo directo de la actividad redondeado a CERO decimales

Sheet APU-2.1.2
B1: ANALISIS DE PRECIOS UNITARIOS
A2: ITEM | B2: DESCRIPCIÓN | G2: UNIDAD
A3: 2.1.2 | B3: =+'Formato oferta'!B21 -> Suministro e instalación de Punto de anclaje en acero inoxidable, con certificación según normatividad vigente | G3: und
A5: I. MATERIALES
A6: DESCRIPCIÓN | D6: UNIDAD | E6: PRECIO UNIT. | F6: CANTIDAD | G6: Vr. UNITARIO
A7: Punto de anclaje fijo de 5.000 Libras de resistencia | D7: =VLOOKUP(A7,Materiales!$1:$1048575,2,FALSE) -> und | E7: =VLOOKUP(A7,Materiales!$1:$1048575,3,FALSE) -> 220978.5 | F7: 1 | G7: =+E7*F7 -> 220978.5
A8: Varilla roscada acero inoxidable galvanizado 5/8" | D8: =VLOOKUP(A8,Materiales!$1:$1048575,2,FALSE) -> und | E8: =VLOOKUP(A8,Materiales!$1:$1048575,3,FALSE) -> 60795 | F8: 0.32 | G8: =+E8*F8 -> 19454.4
A9: Tuerca 5/8" acero inoxidable incluye arandela | D9: =VLOOKUP(A9,Materiales!$1:$1048575,2,FALSE) -> und | E9: =VLOOKUP(A9,Materiales!$1:$1048575,3,FALSE) -> 7117 | F9: 1 | G9: =+E9*F9 -> 7117
A10: Sikadur Anchorfix-4 Adhesivo De Anclaje De Varillas Y Pernos 600ml | D10: =VLOOKUP(A10,Materiales!$1:$1048575,2,FALSE) -> und | E10: =VLOOKUP(A10,Materiales!$1:$1048575,3,FALSE) -> 123900 | F10: 0.025 | G10: =+E10*F10 -> 3097.5
A13: SUBTOTAL | G13: =ROUND(SUM(G7:G12),2) -> 250647.4
A15: II. EQUIPO
A16: DESCRIPCIÓN | D16: UNIDAD | E16: PRECIO UNIT. | F16: CANTIDAD | G16: Vr. UNITARIO
A17: Herrramienta y Equipo Menor(% M.O) | D17: =VLOOKUP(A17,Equipo!$1:$1048576,2,FALSE) -> % | E17: =G33 -> 38603.91 | F17: 0.03 | G17: =+E17*F17 -> 1158.1173
A18: Prueba con equipo certificado para validar resistencia | D18: =VLOOKUP(A18,Equipo!$1:$1048576,2,FALSE) -> hr | E18: =VLOOKUP(A18,Equipo!$1:$1048576,3,FALSE) -> 58783 | F18: 1 | G18: =+E18*F18 -> 58783
A23: SUBTOTAL | G23: =ROUND(SUM(G17:G22),2) -> 59941.12
A25: III. MANO DE OBRA
A26: DESCRIPCIÓN | D26: UNIDAD | E26: PRECIO UNIT. | F26: CANTIDAD | G26: Vr. UNITARIO
A27: AUXILIAR DE OBRA (A) | D27: =VLOOKUP(A27,M.O!$1:$1048576,2,FALSE) -> jr | E27: =VLOOKUP(A27,M.O!$1:$1048576,3,FALSE) -> 16074 | F27: 1.33 | G27: =+E27*F27 -> 21378.42
A28: OFICIAL OBRA (A) | D28: =VLOOKUP(A28,M.O!$1:$1048576,2,FALSE) -> hh | E28: =VLOOKUP(A28,M.O!$1:$1048576,3,FALSE) -> 24842 | F28: 0.69340173 | G28: =+E28*F28 -> 17225.486
A29: -
A33: SUBTOTAL | G33: =ROUND(SUM(G27:G32),2) -> 38603.91
A35: IV. TRANSPORTES
A36: DESCRIPCIÓN | D36: UNIDAD | E36: PRECIO UNIT. | F36: CANTIDAD | G36: Vr. UNITARIO
A43: SUBTOTAL | G43: =ROUND(SUM(G37:G42),0) -> 0
A45: COSTO TOTAL DIRECTO DE LA ACTIVIDAD | G45: =ROUND((G43+G33+G23+G13),0) -> 349192
A47: Observaciones: Total del costo directo de la actividad redondeado a CERO decimales

Sheet APU-2.2.1
B1: ANALISIS DE PRECIOS UNITARIOS
A2: ITEM | B2: DESCRIPCIÓN | G2: UNIDAD
A3: 2.2.1 | B3: =+'Formato oferta'!B23 -> Desmonte de canales y bajantes incluye material, disposición final, herramienta y mano de obra necesaria para la correcta ejecución de la actividad. | G3: m
A5: I. MATERIALES
A6: DESCRIPCIÓN | D6: UNIDAD | E6: PRECIO UNIT. | F6: CANTIDAD | G6: Vr. UNITARIO
A13: SUBTOTAL | G13: =ROUND(SUM(G7:G12),2) -> 0
A15: II. EQUIPO
A16: DESCRIPCIÓN | D16: UNIDAD | E16: PRECIO UNIT. | F16: CANTIDAD | G16: Vr. UNITARIO
A17: Herrramienta y Equipo Menor(% M.O) | D17: =VLOOKUP(A17,Equipo!$1:$1048576,2,FALSE) -> % | E17: =+G33 -> 16055.2 | F17: 0.02 | G17: =+E17*F17 -> 321.104
A18: ANDAMIO TUBULAR NORMALIZADO, TIPO MULTIDIRECCIONAL, DE ACERO GALVANIZADO EN CALIENTE, SEGÚN ISO 9001.GALVANIZADO EN CALIENTE, SEGÚN ISO 9S0E0C1C. | D18: =VLOOKUP(A18,Equipo!$1:$1048576,2,FALSE) -> dd | E18: =VLOOKUP(A18,Equipo!$1:$1048576,3,FALSE) -> 59181.424 | F18: 0.1 | G18: =+E18*F18 -> 5918.1424
A19: Elementos de seguridad en alturas | D19: =VLOOKUP(A19,Equipo!$1:$1048576,2,FALSE) -> Día | E19: =VLOOKUP(A19,Equipo!$1:$1048576,3,FALSE) -> 35000 | F19: 0.1 | G19: =+E19*F19 -> 3500
A23: SUBTOTAL | G23: =ROUND(SUM(G17:G22),2) -> 9739.25
A25: III. MANO DE OBRA
A26: DESCRIPCIÓN | D26: UNIDAD | E26: PRECIO UNIT. | F26: CANTIDAD | G26: Vr. UNITARIO
A27: AUXILIAR DE OBRA (B) | D27: =VLOOKUP(A27,M.O!$1:$1048576,2,FALSE) -> hh | E27: =VLOOKUP(A27,M.O!$1:$1048576,3,FALSE) -> 14613 | F27: 0.5 | G27: =+E27*F27 -> 7306.5
A28: OFICIAL OBRA (A) | D28: =VLOOKUP(A28,M.O!$1:$1048576,2,FALSE) -> hh | E28: =VLOOKUP(A28,M.O!$1:$1048576,3,FALSE) -> 24842 | F28: 0.35217357 | G28: =+E28*F28 -> 8748.6958
A33: SUBTOTAL | G33: =ROUND(SUM(G27:G32),2) -> 16055.2
A35: IV. TRANSPORTES
A36: DESCRIPCIÓN | D36: UNIDAD | E36: PRECIO UNIT. | F36: CANTIDAD | G36: Vr. UNITARIO
A37: Trasnsporte de material (volqueta sencilla acarreo) | D37: =VLOOKUP(A37,Transporte!$1:$1048576,2,FALSE) -> m3-km | E37: =VLOOKUP(A37,Transporte!$1:$1048576,3,FALSE) -> 1850 | F37: 0.1 | G37: =+E37*F37 -> 185
A43: SUBTOTAL | G43: =ROUND(SUM(G37:G42),0) -> 185
A45: COSTO TOTAL DIRECTO DE LA ACTIVIDAD | G45: =ROUND((G43+G33+G23+G13),0) -> 25979
A47: Observaciones: Total del costo directo de la actividad redondeado a CERO decimales

Sheet APU-2.2.2
B1: ANALISIS DE PRECIOS UNITARIOS
A2: ITEM | B2: DESCRIPCIÓN | G2: UNIDAD
A3: 2.2.2 | B3: =+'Formato oferta'!B24 -> Desmonte y disposición final de flanche existente incluye material, herramienta y mano de obra necesaria para la correcta ejecución de la actividad. | G3: m
A5: I. MATERIALES
A6: DESCRIPCIÓN | D6: UNIDAD | E6: PRECIO UNIT. | F6: CANTIDAD | G6: Vr. UNITARIO
A13: SUBTOTAL | G13: =ROUND(SUM(G7:G12),2) -> 0
A15: II. EQUIPO
A16: DESCRIPCIÓN | D16: UNIDAD | E16: PRECIO UNIT. | F16: CANTIDAD | G16: Vr. UNITARIO
A17: Herrramienta y Equipo Menor(% M.O) | D17: =VLOOKUP(A17,Equipo!$1:$1048576,2,FALSE) -> % | E17: =+G33 -> 8515.71 | F17: 0.02 | G17: =+E17*F17 -> 170.3142
A18: ANDAMIO TUBULAR NORMALIZADO, TIPO MULTIDIRECCIONAL, DE ACERO GALVANIZADO EN CALIENTE, SEGÚN ISO 9001.GALVANIZADO EN CALIENTE, SEGÚN ISO 9S0E0C1C. | D18: =VLOOKUP(A18,Equipo!$1:$1048576,2,FALSE) -> dd | E18: =VLOOKUP(A18,Equipo!$1:$1048576,3,FALSE) -> 59181.424 | F18: 0.1 | G18: =+E18*F18 -> 5918.1424
A19: Elementos de seguridad en alturas | D19: =VLOOKUP(A19,Equipo!$1:$1048576,2,FALSE) -> Día | E19: =VLOOKUP(A19,Equipo!$1:$1048576,3,FALSE) -> 35000 | F19: 0.1 | G19: =+E19*F19 -> 3500
A23: SUBTOTAL | G23: =ROUND(SUM(G17:G22),2) -> 9588.46
A25: III. MANO DE OBRA
A26: DESCRIPCIÓN | D26: UNIDAD | E26: PRECIO UNIT. | F26: CANTIDAD | G26: Vr. UNITARIO
A27: AUXILIAR DE OBRA (B) | D27: =VLOOKUP(A27,M.O!$1:$1048576,2,FALSE) -> hh | E27: =VLOOKUP(A27,M.O!$1:$1048576,3,FALSE) -> 14613 | F27: 0.3 | G27: =+E27*F27 -> 4383.9
A28: OFICIAL OBRA (A) | D28: =VLOOKUP(A28,M.O!$1:$1048576,2,FALSE) -> hh | E28: =VLOOKUP(A28,M.O!$1:$1048576,3,FALSE) -> 24842 | F28: 0.16632347 | G28: =+E28*F28 -> 4131.8077
A33: SUBTOTAL | G33: =ROUND(SUM(G27:G32),2) -> 8515.71
A35: IV. TRANSPORTES
A36: DESCRIPCIÓN | D36: UNIDAD | E36: PRECIO UNIT. | F36: CANTIDAD | G36: Vr. UNITARIO
A37: Trasnsporte de material (volqueta sencilla acarreo) | D37: =VLOOKUP(A37,Transporte!$1:$1048576,2,FALSE) -> m3-km | E37: =VLOOKUP(A37,Transporte!$1:$1048576,3,FALSE) -> 1850 | F37: 0.1 | G37: =+E37*F37 -> 185
A43: SUBTOTAL | G43: =ROUND(SUM(G37:G42),0) -> 185
A45: COSTO TOTAL DIRECTO DE LA ACTIVIDAD | G45: =ROUND((G43+G33+G23+G13),0) -> 18289
A47: Observaciones: Total del costo directo de la actividad redondeado a CERO decimales

Sheet APU-2.2.3
B1: ANALISIS DE PRECIOS UNITARIOS
A2: ITEM | B2: DESCRIPCIÓN | G2: UNIDAD
A3: 2.2.3 | B3: =+'Formato oferta'!B25 -> Desmonte de cubierta existente y disposición final, incluye material, herramienta y mano de obra necesaria para la correcta ejecución de la actividad. | G3: m2
A5: I. MATERIALES
A6: DESCRIPCIÓN | D6: UNIDAD | E6: PRECIO UNIT. | F6: CANTIDAD | G6: Vr. UNITARIO
A7: - | D7: =VLOOKUP(A7,Materiales!$1:$1048575,2,FALSE) -> - | E7: =VLOOKUP(A7,Materiales!$1:$1048575,3,FALSE) -> 0 | G7: =+E7*F7 -> 0
A13: SUBTOTAL | G13: =ROUND(SUM(G7:G12),2) -> 0
A15: II. EQUIPO
A16: DESCRIPCIÓN | D16: UNIDAD | E16: PRECIO UNIT. | F16: CANTIDAD | G16: Vr. UNITARIO
A17: Herrramienta y Equipo Menor(% M.O) | D17: =VLOOKUP(A17,Equipo!$1:$1048576,2,FALSE) -> % | E17: =+G33 -> 23186.95 | F17: 0.03 | G17: =+E17*F17 -> 695.6085
A18: ANDAMIO TUBULAR NORMALIZADO, TIPO MULTIDIRECCIONAL, DE ACERO GALVANIZADO EN CALIENTE, SEGÚN ISO 9001.GALVANIZADO EN CALIENTE, SEGÚN ISO 9S0E0C1C. | D18: =VLOOKUP(A18,Equipo!$1:$1048576,2,FALSE) -> dd | E18: =VLOOKUP(A18,Equipo!$1:$1048576,3,FALSE) -> 59181.424 | F18: 0.2 | G18: =+E18*F18 -> 11836.285
A19: Elementos de seguridad en alturas | D19: =VLOOKUP(A19,Equipo!$1:$1048576,2,FALSE) -> Día | E19: =VLOOKUP(A19,Equipo!$1:$1048576,3,FALSE) -> 35000 | F19: 0.2 | G19: =+E19*F19 -> 7000
A23: SUBTOTAL | G23: =ROUND(SUM(G17:G22),2) -> 19531.89
A25: III. MANO DE OBRA
A26: DESCRIPCIÓN | D26: UNIDAD | E26: PRECIO UNIT. | F26: CANTIDAD | G26: Vr. UNITARIO
A27: =+M.O!A8 -> AUXILIAR DE OBRA (B) | D27: =VLOOKUP(A27,M.O!$1:$1048576,2,FALSE) -> hh | E27: =VLOOKUP(A27,M.O!$1:$1048576,3,FALSE) -> 14613 | F27: 0.7 | G27: =+E27*F27 -> 10229.1
A28: OFICIAL OBRA (A) | D28: =VLOOKUP(A28,M.O!$1:$1048576,2,FALSE) -> hh | E28: =VLOOKUP(A28,M.O!$1:$1048576,3,FALSE) -> 24842 | F28: 0.52161056 | G28: =+E28*F28 -> 12957.85
A33: SUBTOTAL | G33: =ROUND(SUM(G27:G32),2) -> 23186.95
A35: IV. TRANSPORTES
A36: DESCRIPCIÓN | D36: UNIDAD | E36: PRECIO UNIT. | F36: CANTIDAD | G36: Vr. UNITARIO
A37: Trasnsporte de material (volqueta sencilla acarreo) | D37: =VLOOKUP(A37,Transporte!$1:$1048576,2,FALSE) -> m3-km | E37: =VLOOKUP(A37,Transporte!$1:$1048576,3,FALSE) -> 1850 | F37: 0.15 | G37: =+E37*F37 -> 277.5
A43: SUBTOTAL | G43: =ROUND(SUM(G37:G42),0) -> 278
A45: COSTO TOTAL DIRECTO DE LA ACTIVIDAD | G45: =ROUND((G43+G33+G23+G13),0) -> 42997
A47: Observaciones: Total del costo directo de la actividad redondeado a CERO decimales

Sheet APU-2.2.4
B1: ANALISIS DE PRECIOS UNITARIOS
A2: ITEM | B2: DESCRIPCIÓN | G2: UNIDAD
A3: 2.2.4 | B3: =+'Formato oferta'!B26 -> Desmonte de cielo raso existente, estructura, luminarias y aparatos eléctricos adosados, incluye retiro, disposición final, material, herramienta y mano de obra necesaria para la correcta ejecución de la actividad. | G3: m2
A5: I. MATERIALES
A6: DESCRIPCIÓN | D6: UNIDAD | E6: PRECIO UNIT. | F6: CANTIDAD | G6: Vr. UNITARIO
A7: - | D7: =VLOOKUP(A7,Materiales!$1:$1048575,2,FALSE) -> - | E7: =VLOOKUP(A7,Materiales!$1:$1048575,3,FALSE) -> 0 | G7: =+E7*F7 -> 0
A8: - | D8: =VLOOKUP(A8,Materiales!$1:$1048575,2,FALSE) -> - | E8: =VLOOKUP(A8,Materiales!$1:$1048575,3,FALSE) -> 0 | G8: =+E8*F8 -> 0
A9: - | D9: =VLOOKUP(A9,Materiales!$1:$1048575,2,FALSE) -> - | E9: =VLOOKUP(A9,Materiales!$1:$1048575,3,FALSE) -> 0 | G9: =+E9*F9 -> 0
A13: SUBTOTAL | G13: =ROUND(SUM(G7:G12),2) -> 0
A15: II. EQUIPO
A16: DESCRIPCIÓN | D16: UNIDAD | E16: PRECIO UNIT. | F16: CANTIDAD | G16: Vr. UNITARIO
A17: Herrramienta y Equipo Menor(% M.O) | D17: =VLOOKUP(A17,Equipo!$1:$1048576,2,FALSE) -> % | E17: =+G33 -> 25552.75 | F17: 0.02 | G17: =+E17*F17 -> 511.055
A18: ANDAMIO TUBULAR NORMALIZADO, TIPO MULTIDIRECCIONAL, DE ACERO GALVANIZADO EN CALIENTE, SEGÚN ISO 9001.GALVANIZADO EN CALIENTE, SEGÚN ISO 9S0E0C1C. | D18: =VLOOKUP(A18,Equipo!$1:$1048576,2,FALSE) -> dd | E18: =VLOOKUP(A18,Equipo!$1:$1048576,3,FALSE) -> 59181.424 | F18: 0.2 | G18: =+E18*F18 -> 11836.285
A19: Elementos de seguridad en alturas | D19: =VLOOKUP(A19,Equipo!$1:$1048576,2,FALSE) -> Día | E19: =VLOOKUP(A19,Equipo!$1:$1048576,3,FALSE) -> 35000 | F19: 0.2 | G19: =+E19*F19 -> 7000
A23: SUBTOTAL | G23: =ROUND(SUM(G17:G22),2) -> 19347.34
A25: III. MANO DE OBRA
A26: DESCRIPCIÓN | D26: UNIDAD | E26: PRECIO UNIT. | F26: CANTIDAD | G26: Vr. UNITARIO
A27: AUXILIAR DE OBRA (B) | D27: =VLOOKUP(A27,M.O!$1:$1048576,2,FALSE) -> hh | E27: =VLOOKUP(A27,M.O!$1:$1048576,3,FALSE) -> 14613 | F27: 0.7 | G27: =+E27*F27 -> 10229.1
A28: OFICIAL OBRA (A) | D28: =VLOOKUP(A28,M.O!$1:$1048576,2,FALSE) -> hh | E28: =VLOOKUP(A28,M.O!$1:$1048576,3,FALSE) -> 24842 | F28: 0.61684442 | G28: =+E28*F28 -> 15323.649
A33: SUBTOTAL | G33: =ROUND(SUM(G27:G32),2) -> 25552.75
A35: IV. TRANSPORTES
A36: DESCRIPCIÓN | D36: UNIDAD | E36: PRECIO UNIT. | F36: CANTIDAD | G36: Vr. UNITARIO
A37: Trasnsporte de material (volqueta sencilla acarreo) | D37: =VLOOKUP(A37,Transporte!$1:$1048576,2,FALSE) -> m3-km | E37: =VLOOKUP(A37,Transporte!$1:$1048576,3,FALSE) -> 1850 | F37: 0.15 | G37: =+E37*F37 -> 277.5
A43: SUBTOTAL | G43: =ROUND(SUM(G37:G42),0) -> 278
A45: COSTO TOTAL DIRECTO DE LA ACTIVIDAD | G45: =ROUND((G43+G33+G23+G13),0) -> 45178
A47: Observaciones: Total del costo directo de la actividad redondeado a CERO decimales

Sheet APU-2.3.1
B1: ANALISIS DE PRECIOS UNITARIOS
A2: ITEM | B2: DESCRIPCIÓN | G2: UNIDAD
A3: 2.3.1 | B3: =+'Formato oferta'!B28 -> Mantenimiento de la estructura de la cubierta, incluye limpieza de las cerchas y pintura, incluye material, herramienta y mano de obra necesaria para la correcta ejecución de la actividad. | G3: m
A5: I. MATERIALES
A6: DESCRIPCIÓN | D6: UNIDAD | E6: PRECIO UNIT. | F6: CANTIDAD | G6: Vr. UNITARIO
A7: Pintura Esmalte sintetico tipo II | D7: =VLOOKUP(A7,Materiales!$1:$1048575,2,FALSE) -> gl | E7: =VLOOKUP(A7,Materiales!$1:$1048575,3,FALSE) -> 80600 | F7: 0.05 | G7: =+E7*F7 -> 4030
A8: Disolvente Thiner | D8: =VLOOKUP(A8,Materiales!$1:$1048575,2,FALSE) -> gl | E8: =VLOOKUP(A8,Materiales!$1:$1048575,3,FALSE) -> 36900 | F8: 0.05 | G8: =+E8*F8 -> 1845
A13: SUBTOTAL | G13: =ROUND(SUM(G7:G12),2) -> 5875
A15: II. EQUIPO
A16: DESCRIPCIÓN | D16: UNIDAD | E16: PRECIO UNIT. | F16: CANTIDAD | G16: Vr. UNITARIO
A17: Herrramienta y Equipo Menor(% M.O) | D17: =VLOOKUP(A17,Equipo!$1:$1048576,2,FALSE) -> % | E17: =+G33 -> 5037.41 | F17: 0.016 | G17: =+E17*F17 -> 80.59856
A18: ANDAMIO TUBULAR NORMALIZADO, TIPO MULTIDIRECCIONAL, DE ACERO GALVANIZADO EN CALIENTE, SEGÚN ISO 9001.GALVANIZADO EN CALIENTE, SEGÚN ISO 9S0E0C1C. | D18: =VLOOKUP(A18,Equipo!$1:$1048576,2,FALSE) -> dd | E18: =VLOOKUP(A18,Equipo!$1:$1048576,3,FALSE) -> 59181.424 | F18: 0.08 | G18: =+E18*F18 -> 4734.5139
A19: Compresor de pintura | D19: =VLOOKUP(A19,Equipo!$1:$1048576,2,FALSE) -> dd | E19: =VLOOKUP(A19,Equipo!$1:$1048576,3,FALSE) -> 90792 | F19: 0.005 | G19: =+E19*F19 -> 453.96
A23: SUBTOTAL | G23: =ROUND(SUM(G17:G22),2) -> 5269.07
A25: III. MANO DE OBRA
A26: DESCRIPCIÓN | D26: UNIDAD | E26: PRECIO UNIT. | F26: CANTIDAD | G26: Vr. UNITARIO
A27: AUXILIAR DE OBRA (B) | D27: =VLOOKUP(A27,M.O!$1:$1048576,2,FALSE) -> hh | E27: =VLOOKUP(A27,M.O!$1:$1048576,3,FALSE) -> 14613 | F27: 0.15 | G27: =+E27*F27 -> 2191.95
A28: OFICIAL OBRA (A) | D28: =VLOOKUP(A28,M.O!$1:$1048576,2,FALSE) -> hh | E28: =VLOOKUP(A28,M.O!$1:$1048576,3,FALSE) -> 24842 | F28: 0.11454222 | G28: =+E28*F28 -> 2845.4577
A33: SUBTOTAL | G33: =ROUND(SUM(G27:G32),2) -> 5037.41
A35: IV. TRANSPORTES
A36: DESCRIPCIÓN | D36: UNIDAD | E36: PRECIO UNIT. | F36: CANTIDAD | G36: Vr. UNITARIO
A37: Transporte liviano urbano (camioneta tipo NHR) | D37: =VLOOKUP(A37,Transporte!$1:$1048576,2,FALSE) -> m3-km | E37: =VLOOKUP(A37,Transporte!$1:$1048576,3,FALSE) -> 1500 | F37: 2 | G37: =+E37*F37 -> 3000
A43: SUBTOTAL | G43: =ROUND(SUM(G37:G42),0) -> 3000
A45: COSTO TOTAL DIRECTO DE LA ACTIVIDAD | G45: =ROUND((G43+G33+G23+G13),0) -> 19181
A47: Observaciones: Total del costo directo de la actividad redondeado a CERO decimales

Sheet APU-2.3.2
B1: ANALISIS DE PRECIOS UNITARIOS
A2: ITEM | B2: DESCRIPCIÓN | G2: UNIDAD
A3: 2.3.2 | B3: =+'Formato oferta'!B29 -> Suministro e instalación de perfilería metálica para estructura de cubierta. Dimensiones y calibres según requiera. Incluye andamio certificado, anticorrosivo, equipo, herramienta, materiales y todo lo demás necesario para su correcta ejecución | G3: kg
A5: I. MATERIALES
A6: DESCRIPCIÓN | D6: UNIDAD | E6: PRECIO UNIT. | F6: CANTIDAD | G6: Vr. UNITARIO
A7: Tubo rectangular 4x8 Cal 18 | D7: =VLOOKUP(A7,Materiales!$1:$1048575,2,FALSE) -> kg | E7: =VLOOKUP(A7,Materiales!$1:$1048575,3,FALSE) -> 6267 | F7: 1.05 | G7: =+E7*F7 -> 6580.35
A8: Soldadura 6013 | D8: =VLOOKUP(A8,Materiales!$1:$1048575,2,FALSE) -> kg | E8: =VLOOKUP(A8,Materiales!$1:$1048575,3,FALSE) -> 16900 | F8: 0.05 | G8: =+E8*F8 -> 845
A9: Pintura Esmalte sintetico tipo II | D9: =VLOOKUP(A9,Materiales!$1:$1048575,2,FALSE) -> gl | E9: =VLOOKUP(A9,Materiales!$1:$1048575,3,FALSE) -> 80600 | F9: 0.02 | G9: =+E9*F9 -> 1612
A13: SUBTOTAL | G13: =ROUND(SUM(G7:G12),2) -> 9037.35
A15: II. EQUIPO
A16: DESCRIPCIÓN | D16: UNIDAD | E16: PRECIO UNIT. | F16: CANTIDAD | G16: Vr. UNITARIO
A17: Herrramienta y Equipo Menor(% M.O) | D17: =VLOOKUP(A17,Equipo!$1:$1048576,2,FALSE) -> % | E17: =+G33 -> 1952.17 | F17: 0.05 | G17: =+E17*F17 -> 97.6085
A18: ANDAMIO TUBULAR NORMALIZADO, TIPO MULTIDIRECCIONAL, DE ACERO GALVANIZADO EN CALIENTE, SEGÚN ISO 9001.GALVANIZADO EN CALIENTE, SEGÚN ISO 9S0E0C1C. | D18: =VLOOKUP(A18,Equipo!$1:$1048576,2,FALSE) -> dd | E18: =VLOOKUP(A18,Equipo!$1:$1048576,3,FALSE) -> 59181.424 | F18: 0.07 | G18: =+E18*F18 -> 4142.6997
A23: SUBTOTAL | G23: =ROUND(SUM(G17:G22),2) -> 4240.31
A25: III. MANO DE OBRA
A26: DESCRIPCIÓN | D26: UNIDAD | E26: PRECIO UNIT. | F26: CANTIDAD | G26: Vr. UNITARIO
A27: =+M.O!A8 -> AUXILIAR DE OBRA (B) | D27: =VLOOKUP(A27,M.O!$1:$1048576,2,FALSE) -> hh | E27: =VLOOKUP(A27,M.O!$1:$1048576,3,FALSE) -> 14613 | F27: 0.07 | G27: =+E27*F27 -> 1022.91
A28: OFICIAL OBRA (A) | D28: =VLOOKUP(A28,M.O!$1:$1048576,2,FALSE) -> hh | E28: =VLOOKUP(A28,M.O!$1:$1048576,3,FALSE) -> 24842 | F28: 0.037406849 | G28: =+E28*F28 -> 929.26095
A33: SUBTOTAL | G33: =ROUND(SUM(G27:G32),2) -> 1952.17
A35: IV. TRANSPORTES
A36: DESCRIPCIÓN | D36: UNIDAD | E36: PRECIO UNIT. | F36: CANTIDAD | G36: Vr. UNITARIO
A37: Transporte liviano urbano (camioneta tipo NHR) | D37: =VLOOKUP(A37,Transporte!$1:$1048576,2,FALSE) -> m3-km | E37: =VLOOKUP(A37,Transporte!$1:$1048576,3,FALSE) -> 1500 | F37: 2 | G37: =+E37*F37 -> 3000
A43: SUBTOTAL | G43: =ROUND(SUM(G37:G42),0) -> 3000
A45: COSTO TOTAL DIRECTO DE LA ACTIVIDAD | G45: =ROUND((G43+G33+G23+G13),0) -> 18230
A47: Observaciones: Total del costo directo de la actividad redondeado a CERO decimales

Sheet APU-2.3.3
B1: ANALISIS DE PRECIOS UNITARIOS
A2: ITEM | B2: DESCRIPCIÓN | G2: UNIDAD
A3: 2.3.3 | B3: =+'Formato oferta'!B30 -> Limpieza y mantenimiento de la canal en concreto, incluye impermeabilización, herramienta y mano de obra necesaria para la correcta ejecución de la actividad. | G3: m
A5: I. MATERIALES
A6: DESCRIPCIÓN | D6: UNIDAD | E6: PRECIO UNIT. | F6: CANTIDAD | G6: Vr. UNITARIO
A7: Emulsión asfáltica | D7: =VLOOKUP(A7,Materiales!$1:$1048575,2,FALSE) -> gl | E7: =VLOOKUP(A7,Materiales!$1:$1048575,3,FALSE) -> 23980 | F7: =0.13*1.5 -> 0.195 | G7: =+E7*F7 -> 4676.1
A8: Manto asfáltico impermeabilizante aluminato 3.6 mm - foil aluminio | D8: =VLOOKUP(A8,Materiales!$1:$1048575,2,FALSE) -> m2 | E8: =VLOOKUP(A8,Materiales!$1:$1048575,3,FALSE) -> 36890 | F8: =1.05*1.5 -> 1.575 | G8: =+E8*F8 -> 58101.75 | H8: =1*0.4 -> 0.4
A9: Pintura bituminosa aluminio | D9: =VLOOKUP(A9,Materiales!$1:$1048575,2,FALSE) -> gl | E9: =VLOOKUP(A9,Materiales!$1:$1048575,3,FALSE) -> 159900 | F9: =(1/24)*1.5 -> 0.0625 | G9: =+E9*F9 -> 9993.75 | I9: =1 -> 1
I11: =0.4*1 -> 0.4
I12: =0.4*1 -> 0.4
A13: SUBTOTAL | G13: =ROUND(SUM(G7:G12),2) -> 72771.6 | I13: =0.4*1 -> 0.4
I14: =I13+I12+I11 -> 1.2
A15: II. EQUIPO
A16: DESCRIPCIÓN | D16: UNIDAD | E16: PRECIO UNIT. | F16: CANTIDAD | G16: Vr. UNITARIO
A17: Herrramienta y Equipo Menor(% M.O) | D17: =VLOOKUP(A17,Equipo!$1:$1048576,2,FALSE) -> % | E17: =+G33 -> 24778.52 | F17: 0.05 | G17: =+E17*F17 -> 1238.926
A18: ANDAMIO TUBULAR NORMALIZADO, TIPO MULTIDIRECCIONAL, DE ACERO GALVANIZADO EN CALIENTE, SEGÚN ISO 9001.GALVANIZADO EN CALIENTE, SEGÚN ISO 9S0E0C1C. | D18: =VLOOKUP(A18,Equipo!$1:$1048576,2,FALSE) -> dd | E18: =VLOOKUP(A18,Equipo!$1:$1048576,3,FALSE) -> 59181.424 | F18: 0.15 | G18: =+E18*F18 -> 8877.2136
A23: SUBTOTAL | G23: =ROUND(SUM(G17:G22),2) -> 10116.14
A25: III. MANO DE OBRA
A26: DESCRIPCIÓN | D26: UNIDAD | E26: PRECIO UNIT. | F26: CANTIDAD | G26: Vr. UNITARIO
A27: AUXILIAR DE OBRA (B) | D27: =VLOOKUP(A27,M.O!$1:$1048576,2,FALSE) -> hh | E27: =VLOOKUP(A27,M.O!$1:$1048576,3,FALSE) -> 14613 | F27: =0.54*1.4 -> 0.756 | G27: =+E27*F27 -> 11047.428
A28: OFICIAL OBRA (A) | D28: =VLOOKUP(A28,M.O!$1:$1048576,2,FALSE) -> hh | E28: =VLOOKUP(A28,M.O!$1:$1048576,3,FALSE) -> 24842 | F28: 0.55273702 | G28: =+E28*F28 -> 13731.093
A33: SUBTOTAL | G33: =ROUND(SUM(G27:G32),2) -> 24778.52
A35: IV. TRANSPORTES
A36: DESCRIPCIÓN | D36: UNIDAD | E36: PRECIO UNIT. | F36: CANTIDAD | G36: Vr. UNITARIO
A37: Transporte liviano urbano (camioneta tipo NHR) | D37: =VLOOKUP(A37,Transporte!$1:$1048576,2,FALSE) -> m3-km | E37: =VLOOKUP(A37,Transporte!$1:$1048576,3,FALSE) -> 1500 | F37: 4 | G37: =+E37*F37 -> 6000
A43: SUBTOTAL | G43: =ROUND(SUM(G37:G42),0) -> 6000
A45: COSTO TOTAL DIRECTO DE LA ACTIVIDAD | G45: =ROUND((G43+G33+G23+G13),0) -> 113666
A47: Observaciones: Total del costo directo de la actividad redondeado a CERO decimales

Sheet APU-2.3.6
B1: ANALISIS DE PRECIOS UNITARIOS
A2: ITEM | B2: DESCRIPCIÓN | G2: UNIDAD
A3: 2.3.6 | B3: =+'Formato oferta'!B31 -> Suministro e instalación de encorozado para cubiertas en mortero 1:4 impermeabilizado, incluye material, herramienta y mano de obra necesaria para la correcta ejecución de la actividad. | G3: m
A5: I. MATERIALES
A6: DESCRIPCIÓN | D6: UNIDAD | E6: PRECIO UNIT. | F6: CANTIDAD | G6: Vr. UNITARIO
A7: Mortero 1:4 | D7: =VLOOKUP(A7,Materiales!$1:$1048575,2,FALSE) -> m3 | E7: =VLOOKUP(A7,Materiales!$1:$1048575,3,FALSE) -> 496000 | F7: 0.025 | G7: =+E7*F7 -> 12400
A13: SUBTOTAL | G13: =ROUND(SUM(G7:G12),2) -> 12400
A15: II. EQUIPO
A16: DESCRIPCIÓN | D16: UNIDAD | E16: PRECIO UNIT. | F16: CANTIDAD | G16: Vr. UNITARIO
A17: Herrramienta y Equipo Menor(% M.O) | D17: =VLOOKUP(A17,Equipo!$1:$1048576,2,FALSE) -> % | E17: =+G33 -> 8421.75 | F17: 0.016 | G17: =+E17*F17 -> 134.748
A18: ANDAMIO TUBULAR NORMALIZADO, TIPO MULTIDIRECCIONAL, DE ACERO GALVANIZADO EN CALIENTE, SEGÚN ISO 9001.GALVANIZADO EN CALIENTE, SEGÚN ISO 9S0E0C1C. | D18: =VLOOKUP(A18,Equipo!$1:$1048576,2,FALSE) -> dd | E18: =VLOOKUP(A18,Equipo!$1:$1048576,3,FALSE) -> 59181.424 | F18: 0.12 | G18: =+E18*F18 -> 7101.7709
A19: Elementos de seguridad en alturas | D19: =VLOOKUP(A19,Equipo!$1:$1048576,2,FALSE) -> Día | E19: =VLOOKUP(A19,Equipo!$1:$1048576,3,FALSE) -> 35000 | F19: 0.01 | G19: =+E19*F19 -> 350
A23: SUBTOTAL | G23: =ROUND(SUM(G17:G22),2) -> 7586.52
A25: III. MANO DE OBRA
A26: DESCRIPCIÓN | D26: UNIDAD | E26: PRECIO UNIT. | F26: CANTIDAD | G26: Vr. UNITARIO
A27: =+M.O!A8 -> AUXILIAR DE OBRA (B) | D27: =VLOOKUP(A27,M.O!$1:$1048576,2,FALSE) -> hh | E27: =VLOOKUP(A27,M.O!$1:$1048576,3,FALSE) -> 14613 | F27: 0.25 | G27: =+E27*F27 -> 3653.25
A28: OFICIAL OBRA (A) | D28: =VLOOKUP(A28,M.O!$1:$1048576,2,FALSE) -> hh | E28: =VLOOKUP(A28,M.O!$1:$1048576,3,FALSE) -> 24842 | F28: 0.19195325 | G28: =+E28*F28 -> 4768.5026
A33: SUBTOTAL | G33: =ROUND(SUM(G27:G32),2) -> 8421.75
A35: IV. TRANSPORTES
A36: DESCRIPCIÓN | D36: UNIDAD | E36: PRECIO UNIT. | F36: CANTIDAD | G36: Vr. UNITARIO
A37: Transporte liviano urbano (camioneta tipo NHR) | D37: =VLOOKUP(A37,Transporte!$1:$1048576,2,FALSE) -> m3-km | E37: =VLOOKUP(A37,Transporte!$1:$1048576,3,FALSE) -> 1500 | F37: 2 | G37: =+E37*F37 -> 3000
A43: SUBTOTAL | G43: =ROUND(SUM(G37:G42),0) -> 3000
A45: COSTO TOTAL DIRECTO DE LA ACTIVIDAD | G45: =ROUND((G43+G33+G23+G13),0) -> 31408
A47: Observaciones: Total del costo directo de la actividad redondeado a CERO decimales

Sheet APU-2.3.7
B1: ANALISIS DE PRECIOS UNITARIOS
A2: ITEM | B2: DESCRIPCIÓN | G2: UNIDAD
A3: 2.3.7 | B3: =+'Formato oferta'!B32 -> Resane y pintura acrílica para muros en interior y exterior. incluye material, herramienta y mano de obra necesaria para la correcta ejecución de la actividad. | G3: m2
A5: I. MATERIALES
A6: Yeso Corriente | D6: =VLOOKUP(A6,Materiales!$1:$1048575,2,FALSE) -> Kg | E6: =VLOOKUP(A6,Materiales!$1:$1048575,3,FALSE) -> 2580 | F6: 0.03 | G6: =+E6*F6 -> 77.4
A7: Caolin | D7: =VLOOKUP(A7,Materiales!$1:$1048575,2,FALSE) -> kg | E7: =VLOOKUP(A7,Materiales!$1:$1048575,3,FALSE) -> 1236 | F7: 3 | G7: =+E7*F7 -> 3708
A8: Cemento gris | D8: =VLOOKUP(A8,Materiales!$1:$1048575,2,FALSE) -> kg | E8: =VLOOKUP(A8,Materiales!$1:$1048575,3,FALSE) -> 927 | F8: 0.32 | G8: =+E8*F8 -> 296.64
A9: Lija | D9: =VLOOKUP(A9,Materiales!$1:$1048575,2,FALSE) -> und | E9: =VLOOKUP(A9,Materiales!$1:$1048575,3,FALSE) -> 1500 | F9: 0.02 | G9: =+E9*F9 -> 30
A10: Pintura acrílica para exterior e interior color a elegir | D10: =VLOOKUP(A10,Materiales!$1:$1048575,2,FALSE) -> gl | E10: =VLOOKUP(A10,Materiales!$1:$1048575,3,FALSE) -> 91980 | F10: =1/12 -> 0.083333333 | G10: =+E10*F10 -> 7665
A12: SUBTOTAL | G12: =ROUND(SUM(G6:G11),2) -> 11777.04
A14: II. EQUIPO
A15: DESCRIPCIÓN | D15: UNIDAD | E15: PRECIO UNIT. | F15: CANTIDAD | G15: Vr. UNITARIO
A16: Herrramienta y Equipo Menor(% M.O) | D16: =VLOOKUP(A16,Equipo!$1:$1048576,2,FALSE) -> % | E16: =+G32 -> 11707.01 | F16: 0.016 | G16: =+E16*F16 -> 187.31216
A17: ANDAMIO TUBULAR NORMALIZADO, TIPO MULTIDIRECCIONAL, DE ACERO GALVANIZADO EN CALIENTE, SEGÚN ISO 9001.GALVANIZADO EN CALIENTE, SEGÚN ISO 9S0E0C1C. | D17: =VLOOKUP(A17,Equipo!$1:$1048576,2,FALSE) -> dd | E17: =VLOOKUP(A17,Equipo!$1:$1048576,3,FALSE) -> 59181.424 | F17: 0.1 | G17: =+E17*F17 -> 5918.1424
A18: Elementos de seguridad en alturas | D18: =VLOOKUP(A18,Equipo!$1:$1048576,2,FALSE) -> Día | E18: =VLOOKUP(A18,Equipo!$1:$1048576,3,FALSE) -> 35000 | F18: 0.01 | G18: =+E18*F18 -> 350
A22: SUBTOTAL | G22: =ROUND(SUM(G16:G21),2) -> 6455.45
A24: III. MANO DE OBRA
A25: DESCRIPCIÓN | D25: UNIDAD | E25: PRECIO UNIT. | F25: CANTIDAD | G25: Vr. UNITARIO
A26: AUXILIAR DE PINTURA 1 (C) | D26: =VLOOKUP(A26,M.O!$1:$1048576,2,FALSE) -> hh | E26: =VLOOKUP(A26,M.O!$1:$1048576,3,FALSE) -> 16074 | F26: 0.21012238 | G26: =+E26*F26 -> 3377.5072
A27: OFICIAL DE PINTURA (C) | D27: =VLOOKUP(A27,M.O!$1:$1048576,2,FALSE) -> hh | E27: =VLOOKUP(A27,M.O!$1:$1048576,3,FALSE) -> 27765 | F27: 0.3 | G27: =+E27*F27 -> 8329.5
A32: SUBTOTAL | G32: =ROUND(SUM(G26:G31),2) -> 11707.01
A34: IV. TRANSPORTES
A35: DESCRIPCIÓN | D35: UNIDAD | E35: PRECIO UNIT. | F35: CANTIDAD | G35: Vr. UNITARIO
A36: Transporte liviano urbano (camioneta tipo NHR) | D36: =VLOOKUP(A36,Transporte!$1:$1048576,2,FALSE) -> m3-km | E36: =VLOOKUP(A36,Transporte!$1:$1048576,3,FALSE) -> 1500 | F36: 1 | G36: =+E36*F36 -> 1500
A43: SUBTOTAL | G43: =SUM(G36:G42) -> 1500
A45: COSTO TOTAL DIRECTO DE LA ACTIVIDAD | G45: =ROUND((G43+G32+G22+G12),0) -> 31440
A47: Observaciones: Total del costo directo de la actividad redondeado a CERO decimales

Sheet APU-2.3.8
B1: ANALISIS DE PRECIOS UNITARIOS
A2: ITEM | B2: DESCRIPCIÓN | G2: UNIDAD
A3: 2.3.8 | B3: Suministro e instalación de bajantes PVC de 4" incluye material, herramienta y mano de obra necesaria para la correcta ejecución de la actividad. | G3: m
A5: I. MATERIALES
A6: DESCRIPCIÓN | D6: UNIDAD | E6: PRECIO UNIT. | F6: CANTIDAD | G6: Vr. UNITARIO
A7: Tubo Sanitario 4" | D7: =VLOOKUP(A7,Materiales!$1:$1048575,2,FALSE) -> m | E7: =VLOOKUP(A7,Materiales!$1:$1048575,3,FALSE) -> 18316.67 | F7: 1.05 | G7: =+E7*F7 -> 19232.503
A8: Soldadura pvc 1/8" galón | D8: =VLOOKUP(A8,Materiales!$1:$1048575,2,FALSE) -> Und | E8: =VLOOKUP(A8,Materiales!$1:$1048575,3,FALSE) -> 52220 | F8: 0.2 | G8: =+E8*F8 -> 10444
A9: Codo PVC-S de 4" | D9: =VLOOKUP(A9,Materiales!$1:$1048575,2,FALSE) -> Und | E9: =VLOOKUP(A9,Materiales!$1:$1048575,3,FALSE) -> 10139 | F9: 1 | G9: =+E9*F9 -> 10139
A10: Abrazadera grapa metálica para tubería de 4" | D10: =VLOOKUP(A10,Materiales!$1:$1048575,2,FALSE) -> Und | E10: =VLOOKUP(A10,Materiales!$1:$1048575,3,FALSE) -> 7283 | F10: 2 | G10: =+E10*F10 -> 14566
A13: SUBTOTAL | G13: =ROUND(SUM(G7:G12),2) -> 54381.5
A15: II. EQUIPO
A16: DESCRIPCIÓN | D16: UNIDAD | E16: PRECIO UNIT. | F16: CANTIDAD | G16: Vr. UNITARIO
A17: Herrramienta y Equipo Menor(% M.O) | D17: =VLOOKUP(A17,Equipo!$1:$1048576,2,FALSE) -> % | E17: =+G33 -> 21092.09 | F17: 0.05 | G17: =+E17*F17 -> 1054.6045
A18: ANDAMIO TUBULAR NORMALIZADO, TIPO MULTIDIRECCIONAL, DE ACERO GALVANIZADO EN CALIENTE, SEGÚN ISO 9001.GALVANIZADO EN CALIENTE, SEGÚN ISO 9S0E0C1C. | D18: =VLOOKUP(A18,Equipo!$1:$1048576,2,FALSE) -> dd | E18: =VLOOKUP(A18,Equipo!$1:$1048576,3,FALSE) -> 59181.424 | F18: 0.05 | G18: =+E18*F18 -> 2959.0712
A19: Elementos de seguridad en alturas | D19: =VLOOKUP(A19,Equipo!$1:$1048576,2,FALSE) -> Día | E19: =VLOOKUP(A19,Equipo!$1:$1048576,3,FALSE) -> 35000 | F19: 0.02 | G19: =+E19*F19 -> 700
A23: SUBTOTAL | G23: =ROUND(SUM(G17:G22),2) -> 4713.68
A25: III. MANO DE OBRA
A26: DESCRIPCIÓN | D26: UNIDAD | E26: PRECIO UNIT. | F26: CANTIDAD | G26: Vr. UNITARIO
A27: AUXILIAR DE INSTALACIONES 1 | D27: =VLOOKUP(A27,M.O!$1:$1048576,2,FALSE) -> hh | E27: =VLOOKUP(A27,M.O!$1:$1048576,3,FALSE) -> 15344 | F27: 0.6 | G27: =+E27*F27 -> 9206.4
A28: OFICIAL INSTALACIONES (B) | D28: =VLOOKUP(A28,M.O!$1:$1048576,2,FALSE) -> hh | E28: =VLOOKUP(A28,M.O!$1:$1048576,3,FALSE) -> 26303 | F28: 0.45187568 | G28: =+E28*F28 -> 11885.686
A33: SUBTOTAL | G33: =ROUND(SUM(G27:G32),2) -> 21092.09
A35: IV. TRANSPORTES
A36: DESCRIPCIÓN | D36: UNIDAD | E36: PRECIO UNIT. | F36: CANTIDAD | G36: Vr. UNITARIO
A37: Transporte liviano urbano (camioneta tipo NHR) | D37: =VLOOKUP(A37,Transporte!$1:$1048576,2,FALSE) -> m3-km | E37: =VLOOKUP(A37,Transporte!$1:$1048576,3,FALSE) -> 1500 | F37: 5 | G37: =+E37*F37 -> 7500
A43: SUBTOTAL | G43: =ROUND(SUM(G37:G42),0) -> 7500
A45: COSTO TOTAL DIRECTO DE LA ACTIVIDAD | G45: =ROUND((G43+G33+G23+G13),0) -> 87687
A47: Observaciones: Total del costo directo de la actividad redondeado a CERO decimales

Sheet APU-2.3.10
B1: ANALISIS DE PRECIOS UNITARIOS
A2: ITEM | B2: DESCRIPCIÓN | G2: UNIDAD
A3: 2.3.10 | B3: Suministro e instalación de Flanche en lámina calibre 26 con fijación a muro, incluye material, herramienta y mano de obra necesaria para la correcta ejecución de la actividad. | G3: m
A5: I. MATERIALES
A6: DESCRIPCIÓN | D6: UNIDAD | E6: PRECIO UNIT. | F6: CANTIDAD | G6: Vr. UNITARIO
A7: Flanche en lámina calibre 26 | D7: =VLOOKUP(A7,Materiales!$1:$1048575,2,FALSE) -> m | E7: =VLOOKUP(A7,Materiales!$1:$1048575,3,FALSE) -> 28541 | F7: 1.1 | G7: =+E7*F7 -> 31395.1
A8: Tornillo 1" punta de broca | D8: =VLOOKUP(A8,Materiales!$1:$1048575,2,FALSE) -> und | E8: =VLOOKUP(A8,Materiales!$1:$1048575,3,FALSE) -> 290 | F8: 5 | G8: =+E8*F8 -> 1450
A9: Sikaflex 1 A Plus gris - sellante x 300 ml | D9: =VLOOKUP(A9,Materiales!$1:$1048575,2,FALSE) -> und | E9: =VLOOKUP(A9,Materiales!$1:$1048575,3,FALSE) -> 51200 | F9: 0.45 | G9: =+E9*F9 -> 23040
A10: - | D10: =VLOOKUP(A10,Materiales!$1:$1048575,2,FALSE) -> - | E10: =VLOOKUP(A10,Materiales!$1:$1048575,3,FALSE) -> 0 | G10: =+E10*F10 -> 0
A13: SUBTOTAL | G13: =ROUND(SUM(G7:G12),2) -> 55885.1
A15: II. EQUIPO
A16: DESCRIPCIÓN | D16: UNIDAD | E16: PRECIO UNIT. | F16: CANTIDAD | G16: Vr. UNITARIO
A17: Herrramienta y Equipo Menor(% M.O) | D17: =VLOOKUP(A17,Equipo!$1:$1048576,2,FALSE) -> % | E17: =+G33 -> 20086.37 | F17: 0.06 | G17: =+E17*F17 -> 1205.1822
A18: ANDAMIO TUBULAR NORMALIZADO, TIPO MULTIDIRECCIONAL, DE ACERO GALVANIZADO EN CALIENTE, SEGÚN ISO 9001.GALVANIZADO EN CALIENTE, SEGÚN ISO 9S0E0C1C. | D18: =VLOOKUP(A18,Equipo!$1:$1048576,2,FALSE) -> dd | E18: =VLOOKUP(A18,Equipo!$1:$1048576,3,FALSE) -> 59181.424 | F18: 0.03 | G18: =+E18*F18 -> 1775.4427
A19: Elementos de seguridad en alturas | D19: =VLOOKUP(A19,Equipo!$1:$1048576,2,FALSE) -> Día | E19: =VLOOKUP(A19,Equipo!$1:$1048576,3,FALSE) -> 35000 | F19: 0.03 | G19: =+E19*F19 -> 1050
A23: SUBTOTAL | G23: =ROUND(SUM(G17:G22),2) -> 4030.62
A25: III. MANO DE OBRA
A26: DESCRIPCIÓN | D26: UNIDAD | E26: PRECIO UNIT. | F26: CANTIDAD | G26: Vr. UNITARIO
A27: AUXILIAR DE OBRA (A) | D27: =VLOOKUP(A27,M.O!$1:$1048576,2,FALSE) -> jr | E27: =VLOOKUP(A27,M.O!$1:$1048576,3,FALSE) -> 16074 | F27: 0.7 | G27: =+E27*F27 -> 11251.8
A28: OFICIAL OBRA (A) | D28: =VLOOKUP(A28,M.O!$1:$1048576,2,FALSE) -> hh | E28: =VLOOKUP(A28,M.O!$1:$1048576,3,FALSE) -> 24842 | F28: 0.3556302 | G28: =+E28*F28 -> 8834.5655
A33: SUBTOTAL | G33: =ROUND(SUM(G27:G32),2) -> 20086.37
A35: IV. TRANSPORTES
A36: DESCRIPCIÓN | D36: UNIDAD | E36: PRECIO UNIT. | F36: CANTIDAD | G36: Vr. UNITARIO
A37: Transporte liviano urbano (camioneta tipo NHR) | D37: =VLOOKUP(A37,Transporte!$1:$1048576,2,FALSE) -> m3-km | E37: =VLOOKUP(A37,Transporte!$1:$1048576,3,FALSE) -> 1500 | F37: 1 | G37: =+E37*F37 -> 1500
A43: SUBTOTAL | G43: =ROUND(SUM(G37:G42),0) -> 1500
A45: COSTO TOTAL DIRECTO DE LA ACTIVIDAD | G45: =ROUND((G43+G33+G23+G13),0) -> 81502
A47: Observaciones: Total del costo directo de la actividad redondeado a CERO decimales

Sheet APU-2.3.11
B1: ANALISIS DE PRECIOS UNITARIOS
A2: ITEM | B2: DESCRIPCIÓN | G2: UNIDAD
A3: 2.3.11 | B3: Suministro e instalación de cubierta en policarbonato alveolar de 10 mm color a definir. Esta actividad incluye el suministro e instalación de la estructura metálica de soporte, amarres, ganchos, alambre, material, flanches, herramienta y mano de obra necesaria para la correcta ejecución de la actividad. | G3: m2
A5: I. MATERIALES
A6: DESCRIPCIÓN | D6: UNIDAD | E6: PRECIO UNIT. | F6: CANTIDAD | G6: Vr. UNITARIO
A7: Policarbonato 10 mm | D7: =VLOOKUP(A7,Materiales!$1:$1048575,2,FALSE) -> m2 | E7: =VLOOKUP(A7,Materiales!$1:$1048575,3,FALSE) -> 82492 | F7: 1.05 | G7: =+E7*F7 -> 86616.6
A8: Perfil rectangular 80x40 mm 1,1 mm HR50 | D8: =VLOOKUP(A8,Materiales!$1:$1048575,2,FALSE) -> ml | E8: =VLOOKUP(A8,Materiales!$1:$1048575,3,FALSE) -> 16500 | F8: 3 | G8: =+E8*F8 -> 49500
A13: SUBTOTAL | G13: =ROUND(SUM(G7:G12),2) -> 136116.6
A15: II. EQUIPO
A16: DESCRIPCIÓN | D16: UNIDAD | E16: PRECIO UNIT. | F16: CANTIDAD | G16: Vr. UNITARIO
A17: Herrramienta y Equipo Menor(% M.O) | D17: =VLOOKUP(A17,Equipo!$1:$1048576,2,FALSE) -> % | E17: =+G33 -> 21103.36 | F17: 0.05 | G17: =+E17*F17 -> 1055.168
A18: ANDAMIO TUBULAR NORMALIZADO, TIPO MULTIDIRECCIONAL, DE ACERO GALVANIZADO EN CALIENTE, SEGÚN ISO 9001.GALVANIZADO EN CALIENTE, SEGÚN ISO 9S0E0C1C. | D18: =VLOOKUP(A18,Equipo!$1:$1048576,2,FALSE) -> dd | E18: =VLOOKUP(A18,Equipo!$1:$1048576,3,FALSE) -> 59181.424 | F18: 0.06 | G18: =+E18*F18 -> 3550.8855
A19: Elementos de seguridad en alturas | D19: =VLOOKUP(A19,Equipo!$1:$1048576,2,FALSE) -> Día | E19: =VLOOKUP(A19,Equipo!$1:$1048576,3,FALSE) -> 35000 | F19: 0.01 | G19: =+E19*F19 -> 350
A23: SUBTOTAL | G23: =ROUND(SUM(G17:G22),2) -> 4956.05
A25: III. MANO DE OBRA
A26: DESCRIPCIÓN | D26: UNIDAD | E26: PRECIO UNIT. | F26: CANTIDAD | G26: Vr. UNITARIO
A27: AUXILIAR DE OBRA (A) | D27: =VLOOKUP(A27,M.O!$1:$1048576,2,FALSE) -> jr | E27: =VLOOKUP(A27,M.O!$1:$1048576,3,FALSE) -> 16074 | F27: 0.7 | G27: =+E27*F27 -> 11251.8
A28: OFICIAL OBRA (A) | D28: =VLOOKUP(A28,M.O!$1:$1048576,2,FALSE) -> hh | E28: =VLOOKUP(A28,M.O!$1:$1048576,3,FALSE) -> 24842 | F28: 0.39656887 | G28: =+E28*F28 -> 9851.5638
A33: SUBTOTAL | G33: =ROUND(SUM(G27:G32),2) -> 21103.36
A35: IV. TRANSPORTES
A36: DESCRIPCIÓN | D36: UNIDAD | E36: PRECIO UNIT. | F36: CANTIDAD | G36: Vr. UNITARIO
A37: Transporte liviano urbano (camioneta tipo NHR) | D37: =VLOOKUP(A37,Transporte!$1:$1048576,2,FALSE) -> m3-km | E37: =VLOOKUP(A37,Transporte!$1:$1048576,3,FALSE) -> 1500 | F37: 5 | G37: =+E37*F37 -> 7500
A43: SUBTOTAL | G43: =ROUND(SUM(G37:G42),0) -> 7500
A45: COSTO TOTAL DIRECTO DE LA ACTIVIDAD | G45: =ROUND((G43+G33+G23+G13),0) -> 169676
A47: Observaciones: Total del costo directo de la actividad redondeado a CERO decimales

Sheet APU-2.3.12
B1: ANALISIS DE PRECIOS UNITARIOS
A2: ITEM | B2: DESCRIPCIÓN | G2: UNIDAD
A3: 2.3.12 | B3: Suministro e instalación de cubierta termoacústica Ecowall 27 UPVC 2.0 mm blanco 1.13 m x 11.80 m, incluye sus respectivos elementos de instalación. | G3: m2
A5: I. MATERIALES
A6: DESCRIPCIÓN | D6: UNIDAD | E6: PRECIO UNIT. | F6: CANTIDAD | G6: Vr. UNITARIO
A7: Teja termoacústica UPVC blanca 2mm 11.80 mt x 1.13 | D7: =VLOOKUP(A7,Materiales!$1:$1048575,2,FALSE) -> m2 | E7: =VLOOKUP(A7,Materiales!$1:$1048575,3,FALSE) -> 29614 | F7: 1 | G7: =+E7*F7 -> 29614
A8: Tornillo para fijación teja termoacústica | D8: =VLOOKUP(A8,Materiales!$1:$1048575,2,FALSE) -> Und | E8: =VLOOKUP(A8,Materiales!$1:$1048575,3,FALSE) -> 1240 | F8: 4 | G8: =+E8*F8 -> 4960
A9: arandela plana (ref varias) | D9: =VLOOKUP(A9,Materiales!$1:$1048575,2,FALSE) -> Und | E9: =VLOOKUP(A9,Materiales!$1:$1048575,3,FALSE) -> 950 | F9: 4 | G9: =+E9*F9 -> 3800
A10: neopreno | D10: =VLOOKUP(A10,Materiales!$1:$1048575,2,FALSE) -> Und | E10: =VLOOKUP(A10,Materiales!$1:$1048575,3,FALSE) -> 650 | F10: 1.8 | G10: =+E10*F10 -> 1170
A13: - | D13: =VLOOKUP(A13,Materiales!$1:$1048575,2,FALSE) -> - | E13: =VLOOKUP(A13,Materiales!$1:$1048575,3,FALSE) -> 0 | G13: =+E13*F13 -> 0
A14: SUBTOTAL | G14: =ROUND(SUM(G7:G13),2) -> 39544
A16: II. EQUIPO
A17: DESCRIPCIÓN | D17: UNIDAD | E17: PRECIO UNIT. | F17: CANTIDAD | G17: Vr. UNITARIO
A18: Herrramienta y Equipo Menor(% M.O) | D18: =VLOOKUP(A18,Equipo!$1:$1048576,2,FALSE) -> % | E18: =+G34 -> 19029.53 | F18: 0.05 | G18: =+E18*F18 -> 951.4765
A19: - | D19: =VLOOKUP(A19,Equipo!$1:$1048576,2,FALSE) -> - | E19: =VLOOKUP(A19,Equipo!$1:$1048576,3,FALSE) -> 0 | G19: =+E19*F19 -> 0
A24: SUBTOTAL | G24: =ROUND(SUM(G18:G23),2) -> 951.48
A26: III. MANO DE OBRA
A27: DESCRIPCIÓN | D27: UNIDAD | E27: PRECIO UNIT. | F27: CANTIDAD | G27: Vr. UNITARIO
A28: =+M.O!A8 -> AUXILIAR DE OBRA (B) | D28: =VLOOKUP(A28,M.O!$1:$1048576,2,FALSE) -> hh | E28: =VLOOKUP(A28,M.O!$1:$1048576,3,FALSE) -> 14613 | F28: 0.6 | G28: =+E28*F28 -> 8767.8
A29: OFICIAL OBRA (A) | D29: =VLOOKUP(A29,M.O!$1:$1048576,2,FALSE) -> hh | E29: =VLOOKUP(A29,M.O!$1:$1048576,3,FALSE) -> 24842 | F29: 0.41307987 | G29: =+E29*F29 -> 10261.73
A34: SUBTOTAL | G34: =ROUND(SUM(G28:G33),2) -> 19029.53
A36: IV. TRANSPORTES
A37: DESCRIPCIÓN | D37: UNIDAD | E37: PRECIO UNIT. | F37: CANTIDAD | G37: Vr. UNITARIO
A38: Transporte liviano urbano (camioneta tipo NHR) | D38: =VLOOKUP(A38,Transporte!$1:$1048576,2,FALSE) -> m3-km | E38: =VLOOKUP(A38,Transporte!$1:$1048576,3,FALSE) -> 1500 | F38: 30 | G38: =+E38*F38 -> 45000
A44: SUBTOTAL | G44: =ROUND(SUM(G38:G43),0) -> 45000
A46: COSTO TOTAL DIRECTO DE LA ACTIVIDAD | G46: =ROUND((G44+G34+G24+G14),0) -> 104525

Sheet APU-2.3.13
B1: ANALISIS DE PRECIOS UNITARIOS
A2: ITEM | B2: DESCRIPCIÓN | G2: UNIDAD
A3: 2.3.13 | B3: Suministro e instalación de cielo raso en superboard, incluye estructura, enmasillado, pintura en vinilo, dilatación perimetral, ventanas de inspección y todos los elementos para su correcta instalación. | G3: m2
A5: I. MATERIALES
A6: DESCRIPCIÓN | D6: UNIDAD | E6: PRECIO UNIT. | F6: CANTIDAD | G6: Vr. UNITARIO
A7: Tornillo 6x1 | D7: =VLOOKUP(A7,Materiales!$1:$1048575,2,FALSE) -> und | E7: =VLOOKUP(A7,Materiales!$1:$1048575,3,FALSE) -> 30 | F7: 9 | G7: =+E7*F7 -> 270
A8: Tormillo largo para lamina cabeza de lenteja | D8: =VLOOKUP(A8,Materiales!$1:$1048575,2,FALSE) -> und | E8: =VLOOKUP(A8,Materiales!$1:$1048575,3,FALSE) -> 34 | F8: 11 | G8: =+E8*F8 -> 374
A9: Angulo perimetral de 1x1 cal 26 | D9: =VLOOKUP(A9,Materiales!$1:$1048575,2,FALSE) -> und | E9: =VLOOKUP(A9,Materiales!$1:$1048575,3,FALSE) -> 18445 | F9: 0.42 | G9: =+E9*F9 -> 7746.9
A10: Vigueta en aluminio cal 26 | D10: =VLOOKUP(A10,Materiales!$1:$1048575,2,FALSE) -> und | E10: =VLOOKUP(A10,Materiales!$1:$1048575,3,FALSE) -> 4494.9924 | F10: 0.56 | G10: =+E10*F10 -> 2517.1957
A11: cinta malla | D11: =VLOOKUP(A11,Materiales!$1:$1048575,2,FALSE) -> m | E11: =VLOOKUP(A11,Materiales!$1:$1048575,3,FALSE) -> 148.67 | F11: 2 | G11: =+E11*F11 -> 297.34
A12: Placa Fibrocemento 8mm 244x122cm 35.48kg aprox. Eterboard | D12: =VLOOKUP(A12,Materiales!$1:$1048575,2,FALSE) -> und | E12: =VLOOKUP(A12,Materiales!$1:$1048575,3,FALSE) -> 74000 | F12: 0.34 | G12: =+E12*F12 -> 25160
A13: Masilla Supermastick Plus 4.5gal 28kg | D13: =VLOOKUP(A13,Materiales!$1:$1048575,2,FALSE) -> und | E13: =VLOOKUP(A13,Materiales!$1:$1048575,3,FALSE) -> 61900 | F13: 0.14 | G13: =+E13*F13 -> 8666
A14: Omega en Aluminio cal 26 | D14: =VLOOKUP(A14,Materiales!$1:$1048575,2,FALSE) -> und | E14: =VLOOKUP(A14,Materiales!$1:$1048575,3,FALSE) -> 4516.0008 | F14: 0.81 | G14: =+E14*F14 -> 3657.9606
A17: SUBTOTAL | G17: =ROUND(SUM(G7:G16),2) -> 48689.4
A19: II. EQUIPO
A20: DESCRIPCIÓN | D20: UNIDAD | E20: PRECIO UNIT. | F20: CANTIDAD | G20: Vr. UNITARIO
A21: Herrramienta y Equipo Menor(% M.O) | D21: =VLOOKUP(A21,Equipo!$1:$1048576,2,FALSE) -> % | E21: =+G37 -> 16327.6 | F21: 0.03 | G21: =+E21*F21 -> 489.828
A22: ANDAMIO TUBULAR NORMALIZADO, TIPO MULTIDIRECCIONAL, DE ACERO GALVANIZADO EN CALIENTE, SEGÚN ISO 9001.GALVANIZADO EN CALIENTE, SEGÚN ISO 9S0E0C1C. | D22: =VLOOKUP(A22,Equipo!$1:$1048576,2,FALSE) -> dd | E22: =VLOOKUP(A22,Equipo!$1:$1048576,3,FALSE) -> 59181.424 | F22: 0.1 | G22: =+E22*F22 -> 5918.1424
A23: Elementos de seguridad en alturas | D23: =VLOOKUP(A23,Equipo!$1:$1048576,2,FALSE) -> Día | E23: =VLOOKUP(A23,Equipo!$1:$1048576,3,FALSE) -> 35000 | F23: 0.1 | G23: =+E23*F23 -> 3500
A27: SUBTOTAL | G27: =ROUND(SUM(G21:G26),2) -> 9907.97
A29: III. MANO DE OBRA
A30: DESCRIPCIÓN | D30: UNIDAD | E30: PRECIO UNIT. | F30: CANTIDAD | G30: Vr. UNITARIO
A31: AUXILIAR DE OBRA (B) | D31: =VLOOKUP(A31,M.O!$1:$1048576,2,FALSE) -> hh | E31: =VLOOKUP(A31,M.O!$1:$1048576,3,FALSE) -> 14613 | F31: 0.5 | G31: =+E31*F31 -> 7306.5
A32: OFICIAL OBRA (A) | D32: =VLOOKUP(A32,M.O!$1:$1048576,2,FALSE) -> hh | E32: =VLOOKUP(A32,M.O!$1:$1048576,3,FALSE) -> 24842 | F32: 0.36313915 | G32: =+E32*F32 -> 9021.1028
A37: SUBTOTAL | G37: =ROUND(SUM(G31:G36),2) -> 16327.6
A39: IV. TRANSPORTES
A40: DESCRIPCIÓN | D40: UNIDAD | E40: PRECIO UNIT. | F40: CANTIDAD | G40: Vr. UNITARIO
A41: Transporte liviano urbano (camioneta tipo NHR) | D41: =VLOOKUP(A41,Transporte!$1:$1048576,2,FALSE) -> m3-km | E41: =VLOOKUP(A41,Transporte!$1:$1048576,3,FALSE) -> 1500 | F41: 0.1 | G41: =+E41*F41 -> 150
A47: SUBTOTAL | G47: =ROUND(SUM(G41:G46),0) -> 150
A49: COSTO TOTAL DIRECTO DE LA ACTIVIDAD | G49: =ROUND((G47+G37+G27+G17),0) -> 75075

Sheet APU-2.4.1
B1: ANALISIS DE PRECIOS UNITARIOS
A2: ITEM | B2: DESCRIPCIÓN | G2: UNIDAD
A3: 2.4.1 | B3: Aseo general y entrega | G3: m2
A5: I. MATERIALES
A6: DESCRIPCIÓN | D6: UNIDAD | E6: PRECIO UNIT. | F6: CANTIDAD | G6: Vr. UNITARIO
A7: - | D7: =VLOOKUP(A7,Materiales!$1:$1048575,2,FALSE) -> - | E7: =VLOOKUP(A7,Materiales!$1:$1048575,3,FALSE) -> 0 | G7: =+E7*F7 -> 0
A8: - | D8: =VLOOKUP(A8,Materiales!$1:$1048575,2,FALSE) -> - | E8: =VLOOKUP(A8,Materiales!$1:$1048575,3,FALSE) -> 0 | G8: =+E8*F8 -> 0
A9: - | D9: =VLOOKUP(A9,Materiales!$1:$1048575,2,FALSE) -> - | E9: =VLOOKUP(A9,Materiales!$1:$1048575,3,FALSE) -> 0 | G9: =+E9*F9 -> 0
A10: - | D10: =VLOOKUP(A10,Materiales!$1:$1048575,2,FALSE) -> - | E10: =VLOOKUP(A10,Materiales!$1:$1048575,3,FALSE) -> 0 | G10: =+E10*F10 -> 0
A11: - | D11: =VLOOKUP(A11,Materiales!$1:$1048575,2,FALSE) -> - | E11: =VLOOKUP(A11,Materiales!$1:$1048575,3,FALSE) -> 0 | G11: =+E11*F11 -> 0
A12: - | D12: =VLOOKUP(A12,Materiales!$1:$1048575,2,FALSE) -> - | E12: =VLOOKUP(A12,Materiales!$1:$1048575,3,FALSE) -> 0 | G12: =+E12*F12 -> 0
A13: - | D13: =VLOOKUP(A13,Materiales!$1:$1048575,2,FALSE) -> - | E13: =VLOOKUP(A13,Materiales!$1:$1048575,3,FALSE) -> 0 | G13: =+E13*F13 -> 0
A15: SUBTOTAL | G15: =ROUND(SUM(G7:G14),2) -> 0
A17: II. EQUIPO
A18: DESCRIPCIÓN | D18: UNIDAD | E18: PRECIO UNIT. | F18: CANTIDAD | G18: Vr. UNITARIO
A19: Herrramienta y Equipo Menor(% M.O) | D19: =VLOOKUP(A19,Equipo!$1:$1048576,2,FALSE) -> % | E19: =+G35 -> 3070.64 | F19: 0.1 | G19: =+E19*F19 -> 307.064
A20: - | D20: =VLOOKUP(A20,Equipo!$1:$1048576,2,FALSE) -> - | E20: =VLOOKUP(A20,Equipo!$1:$1048576,3,FALSE) -> 0 | G20: =+E20*F20 -> 0
A25: SUBTOTAL | G25: =ROUND(SUM(G19:G24),2) -> 307.06
A27: III. MANO DE OBRA
A28: DESCRIPCIÓN | D28: UNIDAD | E28: PRECIO UNIT. | F28: CANTIDAD | G28: Vr. UNITARIO
A29: AUXILIAR DE OBRA (B) | D29: =VLOOKUP(A29,M.O!$1:$1048576,2,FALSE) -> hh | E29: =VLOOKUP(A29,M.O!$1:$1048576,3,FALSE) -> 14613 | F29: 0.21013092 | G29: =+E29*F29 -> 3070.6432
A35: SUBTOTAL | G35: =ROUND(SUM(G29:G34),2) -> 3070.64
A37: IV. TRANSPORTES
A38: DESCRIPCIÓN | D38: UNIDAD | E38: PRECIO UNIT. | F38: CANTIDAD | G38: Vr. UNITARIO
A45: SUBTOTAL | G45: =ROUND(SUM(G39:G44),0) -> 0
A47: COSTO TOTAL DIRECTO DE LA ACTIVIDAD | G47: =ROUND((G45+G35+G25+G15),0) -> 3378
